Workbook
Name NASPO: #REF!
Name NASPO: #REF!
Name NASPO: #REF!

Sheet Current Rate Plans
A1: T-Mobile Current Government Rate Plans
A2: Updated: December 2024
A3: State of Oklahoma Statewide Contract #1012
D4: Contract Discount
D5: 0.15
A6: Service or Feature | B6: Description | C6: Commercially Available Price per Line/Month | D6: Monthly Recurring Cost/Line (After Eligible Contract Discount)
B7: Voice & Data Plans
A8: Simple Choice Unlimited Talk and Text w/2GB High Speed Data | B8: • Unlimited talk and text with no overages. • Includes unlimited calling to any number in Mexico and Canada from the U.S. PLUS unlimited calling, texting and data while traveling in Canada and Mexico (use your High Speed data up to 5GB) at no extra charge. • Starting with up to 2GB High Speed data per month. Your choice of additional High Speed data. After monthly allotment, data at 128Kbps with no overages. • Includes 5G access with capable device. • Unlimited data at 128Kbps and texting when you travel to any of 210+ countries and destinations so you can stay connected when you're abroad. • Includes Binge On optimized video streaming that saves your data. • Music Freedom with unlimited music streaming on our network from top services such as Pandora and iHeart Radio without using your data. • Coverage not available in some areas. • Detectable video typically streams at 480p; disable any time. • During congestion, customers on this plan using >50GB/mo. may notice reduced speeds until next bill cycle due to data prioritization. • Requires minimum of 12 lines for each account | C8: 15 | D8: 12.75
A9: Govt Unlim Talk Text and 2GB Data | B9: •Unlimited minutes •Unlimited messaging •2GB high-speed data. Unlimited at 128Kbps after 2GB allotment. •Smartphone Mobile Hotspot. Speeds slow at 2GB allotment. •Domestic data roaming •Music Freedom •Simple Global (Magenta / Advanced experience) •Stateside International Unlimited Texting •Mobile Without Borders •T-Mobile In-Flight Connection (Magenta / Advanced experience) •Voice over LTE and Wi-Fi calling are enabled. | C9: 15 | D9: 12.75
A10: Government Unlimited Select | B10: • Unlimited talk, text, and data on our advanced network with no data overages. • Scam Shield™ app. with Scam ID and Scam Block. • Call, text, and use up to 5GB of High Speed data in Mexico and Canada at no extra charge. • Unlimited text and 2G data roaming in more than 215+ countries and destinations, and 5GB high-speed data in select countries. • Unlimited domestic data roaming and unlimited video streaming in SD quality • 11GB of High Speed hotspot data (with unlimited max 3G hotspot speeds thereafter) • Free texting and a free hour of In-Flight Connection-enabled flights, plus 4 full-flight streaming sessions per year. • During congestion, a small fraction of customers using >100GB/mo. may notice reduced speeds until next bill cycle due to data prioritization. Video typically streams on smartphone/tablet in SD quality (480p) | C10: 29 | D10: 24.65
A11: Government Unlimited Advanced | B11: • Unlimited talk, text, and data on our advanced network with no data overages. • Scam Shield™ app. with Scam ID and Scam Block. • Call, text, and use up to 5GB of High Speed data in Mexico and Canada at no extra charge. • Unlimited text and 2G data roaming in more than 215+ countries and destinations, and 5GB high-speed data in select countries. • Unlimited domestic data roaming and unlimited video streaming in SD quality • 51GB of High Speed hotspot data (with unlimited max 3G hotspot speeds thereafter) • Free texting and a free hour of In-Flight Connection-enabled flights, plus 4 full-flight streaming sessions per year. • During congestion, a small fraction of customers using >100GB/mo. may notice reduced speeds until next bill cycle due to data prioritization. Video typically streams on smartphone/tablet in SD quality (480p) unless you enable HD Video (1080p). | C11: 35 | D11: 29.75
A12: Government Unlimited Ultimate | B12: • Unlimited talk, text, and premium data on our advanced network with no data overages. • Scam Shield™ premium app. with Scam ID and Scam Block. • Call, text, and use up to 5GB of High Speed data in Mexico and Canada at no extra charge. • Unlimited international texting, low-rate calling, and up to 5GB of high-speed data in more than 215 countries and destinations, then unlimited data up to 256kbps speeds. • Unlimited domestic data roaming and unlimited 4K UHD when 4K UHD video is enabled. • 101GB of High Speed hotspot data (with unlimited max 3G hotspot speeds thereafter) •Unlimited in-flight Wi-Fi with streaming and texting where available. •Stream up to 4K UHD video on capable device when feature is activated | C12: 46 | D12: 39.1
A13: Government Unlimited Edge | B13: • Unlimited talk, text, and premium data on our advanced network with no data overages. • Scam Shield™ premium app. with Scam ID and Scam Block. • Unlimited talk, text, and data in Mexico and Canada with up to 15GB of high-speed data (then 2G speeds) at no extra charge. • Unlimited international texting, low-rate calling, and up to 5GB of high-speed data in more than 215 countries and destinations, then unlimited data up to 256kbps speeds. • Unlimited domestic data roaming and unlimited 4K UHD when 4K UHD video is enabled. • 201GB of High Speed hotspot data (with unlimited max 3G hotspot speeds thereafter) •Unlimited in-flight Wi-Fi with streaming and texting where available. •Stream up to 4K UHD video on capable device when feature is activated, or video typically streams on device in SD quality. | C13: 58 | D13: 49.3
A14: Government Unlimited for Phones w/Device Subsidy 1.0 Level 1 | B14: • Unlimited talk, text, and data on our advanced network with no data overages. • Includes 5G access with capable device. • Call, text, and use up to 5GB of High Speed data in Mexico and Canada at no extra charge. • Unlimited text and 2G data roaming in more than 210 countries and destinations • Unlimited domestic data roaming and unlimited video streaming in SD quality • 11GB of High Speed hotspot data (with unlimited max 3G hotspot speeds thereafter) • Free texting and a free hour of In-Flight Connection-enabled flights • During congestion, a small fraction of customers using >50GB/mo. may notice reduced speeds until next bill cycle due to data prioritization. • Subsidy plans include part or all of the cost of a phone in the monthly charge, and a service agreement is required. If you cancel service, you may be charged a pro rata subsidy repayment. | C14: 41 | D14: 34.85
A15: Government Unlimited for Phones w/Device Subsidy 1.0 Level 2 | B15: • Unlimited talk, text, and data on our advanced network with no data overages. • Includes 5G access with capable device. • Call, text, and use up to 5GB of High Speed data in Mexico and Canada at no extra charge. • Unlimited text and 2G data roaming in more than 210 countries and destinations • Unlimited domestic data roaming and unlimited video streaming in SD quality • 11GB of High Speed hotspot data (with unlimited max 3G hotspot speeds thereafter) • Free texting and a free hour of In-Flight Connection-enabled flights • During congestion, a small fraction of customers using >50GB/mo. may notice reduced speeds until next bill cycle due to data prioritization. • Subsidy plans include part or all of the cost of a phone in the monthly charge, and a service agreement is required. If you cancel service, you may be charged a pro rata subsidy repayment. | C15: 53 | D15: 45.05
A16: Government Unlimited for Phones w/Device Subsidy 1.0 Level 3 | B16: • Unlimited talk, text, and data on our advanced network with no data overages. • Includes 5G access with capable device. • Call, text, and use up to 5GB of High Speed data in Mexico and Canada at no extra charge. • Unlimited text and 2G data roaming in more than 210 countries and destinations • Unlimited domestic data roaming and unlimited video streaming in SD quality • 11GB of High Speed hotspot data (with unlimited max 3G hotspot speeds thereafter) • Free texting and a free hour of In-Flight Connection-enabled flights • During congestion, a small fraction of customers using >50GB/mo. may notice reduced speeds until next bill cycle due to data prioritization. • Subsidy plans include part or all of the cost of a phone in the monthly charge, and a service agreement is required. If you cancel service, you may be charged a pro rata subsidy repayment. | C16: 64 | D16: 54.4
A17: Government Unlimited for Phones Data Feature w/21GB Hotspot | B17: Increase Government Unlimited High Speed Hotspot data allotment to 21GB | C17: 10 | D17: 8.5
A18: Government Unlimited for Phones Data Feature w/31GB Hotspot | B18: Increase Government Unlimited High Speed Hotspot data allotment to 31GB | C18: 15 | D18: 12.75
A19: Government Unlimited for Phones Data Feature w/41GB Hotspot | B19: Increase Government Unlimited High Speed Hotspot data allotment to 41GB | C19: 25 | D19: 21.25
... A21: Government Unlimited Advanced Data with 100GB Hotspot | B21: Increase Government Unlimited High Speed Hotspot data allotment to 100GB | C21: 15 | D21: 12.75
B22: Mobile Internet Plans
A23: Simple Choice Mobile Internet Data for Government w/2GB High Speed Data | B23: •High-speed data in the U.S. - plus use up to 5GB of your high-speed data in Canada and Mexico at no extra charge. • Includes 5G access with capable device. •Up to 2 GB of monthly high-speed mobile internet access. •Speeds slowed to up to 2G speeds after 2 GB. • Unlimited data at 128Kbps when you travel to any of 210+ countries and destinations so you can stay connected when you're abroad. •No overages. •Including Binge On - optimized video streaming (typically streams at 480p) AND stream unlimited video on popular services like Netflix, HBO NOW, Hulu and more without using your high-speed data. •Includes Data Stash which rolls your unused on-network High Speed data into your Data Stash bucket up to 20GB that must be used within 12mos. •Stream unlimited music on services like Pandora, iHeartRadio and more without counting against your High Speed data on our network. •During congestion, customers on this plan using >50GB/mo. may notice reduced speeds until next bill cycle due to data prioritization. | C23: 10 | D23: 10
A24: Simple Choice Government Unlimited High Speed Mobile Internet Data | B24: • Unlimited High-speed Mobile Internet Data • Includes 5G access with capable device • Unlimited domestic messaging • Domestic data roaming (50MB/mo.) • Unlimited data at 128Kbps when you travel to any of 210+ countries and destinations so you can stay connected when you're abroad. • Stateside International Unlimited Texting • For use with Tablets/Hotspots/Routers/Modems • During congestion, customers on this plan using >50GB/mo. may notice reduced speeds until next bill cycle due to data prioritization | C24: 35 | D24: 29.75
A25: Government Unlimited Mobile Internet for Tablets w/ 11GB Hotspot | B25: • Unlimited texting and High Speed data on our advanced network with no data overages. • Includes 5G access with capable device. • 11GB of High Speed hotspot data (with unlimited max 3G hotspot speeds thereafter) • Texting and up to 5GB of High Speed data in Mexico and Canada. • Unlimited texting and 2G data roaming in 210+ countries and destinations and unlimited video streaming in SD quality • During congestion, a small fraction of customers using >50GB/mo. may notice reduced speeds until next bill cycle due to data prioritization. | C25: 23.5 | D25: 19.975
A26: Government Unlimited Mobile Internet for Tablets w/ 21GB Hotspot | B26: • Unlimited texting and High Speed data on our advanced network with no data overages. • Includes 5G access with capable device. • 21GB of High Speed hotspot data (with unlimited max 3G hotspot speeds thereafter) • Texting and up to 5GB of High Speed data in Mexico and Canada. • Unlimited texting and 2G data roaming in 210+ countries and destinations and unlimited video streaming in SD quality • During congestion, a small fraction of customers using >50GB/mo. may notice reduced speeds until next bill cycle due to data prioritization. | C26: 35 | D26: 29.75
A27: Government Unlimited Mobile Internet for Tablets w/ 31GB Hotspot | B27: • Unlimited texting and High Speed data on our advanced network with no data overages. • Includes 5G access with capable device. • 31GB of High Speed hotspot data (with unlimited max 3G hotspot speeds thereafter) • Texting and up to 5GB of High Speed data in Mexico and Canada. • Unlimited texting and 2G data roaming in 210+ countries and destinations and unlimited video streaming in SD quality • During congestion, a small fraction of customers using >50GB/mo. may notice reduced speeds until next bill cycle due to data prioritization. | C27: 40.5 | D27: 34.425
A28: Government Unlimited Mobile Internet for Tablets w/ 41GB Hotspot | B28: • Unlimited texting and High Speed data on our advanced network with no data overages. • Includes 5G access with capable device. • 41GB of High Speed hotspot data (with unlimited max 3G hotspot speeds thereafter) • Texting and up to 5GB of High Speed data in Mexico and Canada. • Unlimited texting and 2G data roaming in 210+ countries and destinations and unlimited video streaming in SD quality • During congestion, a small fraction of customers using >50GB/mo. may notice reduced speeds until next bill cycle due to data prioritization. | C28: 52.5 | D28: 44.625
A29: Government Unlimited Plus Tablet 51GB Hotspot | B29: • Unlimited data and messaging as well as 51GB of high-speed mobile hotspot data. • In Canada and Mexico, 15GB of high-speed data (then unlimited data at 128 kbps speed). • Unlimited international texting and up to 5GB of high-speed data (then unlimited data up to 256kbps speeds) in 215+ countries and destinations. • Unlimited HD video streaming. Video typically streams on smartphone/tablet in SD quality (480p) unless you enable HD Video (1080p). • During congestion, customers on this plan using >100GB/mo. may notice reduced speeds until next bill cycle due to data prioritization. | C29: 40.5 | D29: 34.425
A30: Government Unlimited Plus Tablet 76GB Hotspot | B30: • Unlimited data and messaging as well as 76GB of high-speed mobile hotspot data. • In Canada and Mexico, 15GB of high-speed data (then unlimited data at 128 kbps speed). • Unlimited international texting and up to 5GB of high-speed data (then unlimited data up to 256kbps speeds) in 215+ countries and destinations. • Unlimited HD video streaming. Video typically streams on smartphone/tablet in SD quality (480p) unless you enable HD Video (1080p). • During congestion, customers on this plan using >100GB/mo. may notice reduced speeds until next bill cycle due to data prioritization. | C30: 58.5 | D30: 49.725
B31: Business Internet
A32: Government Unlimited High-Speed Internet - Equipment Included | B32: •Unlimited High-Speed Internet •No Data Caps •Static IP Allowed ($2 buy-up) •No Content Filter •Voice barred •No Roaming •During congestion, customers on this plan may notice speeds lower than other customers due to data prioritization. •Subsidized Device Included | C32: 60 | D32: 51
A33: Government Fixed Wireless Unlimited High Speed Internet (Router Plan) | B33: •Unlimited High-Speed Internet •No Data Caps •Static IP Allowed ($2 buy-up) •No Content Filter •Voice barred •No Roaming •During congestion, customers on this plan may notice speeds lower than other customers due to data prioritization. •Subsidized Device may be Available, Subject to Change | C33: 45 | D33: 38.25
A34: Government Fixed Wireless Unlimited High Speed Internet SIM Only | B34: •Unlimited high-speed internet connectivity •Video streams in SD •For use with wireless routers SIM Only •Voice barred •All on-network data counts towards fair-use limits (50GB). Users> 50GB may notice reduced speeds until next bill cycle due to data prioritization | C34: 35 | D34: 29.75
A35: Business 2GB HSI Stacked Fixed Wireless | B35: •Includes 2GB of pooled Fixed Wireless Internet data on our US high-speed network. •$3.75 for each GB after limit, partial megabytes rounded up. | C35: 10 | D35: 10
A36: Business 10GB HSI Stacked Fixed Wireless | B36: •Includes 10GB of pooled Fixed Wireless Internet data on our US high-speed network. •$3.75 for each GB after limit, partial megabytes rounded up. | C36: 25 | D36: 25
A37: Cradlepoint–ENT Config | B37: •Cradlepoint Enterprise Configuration. •Provides primary Wi-Fi, password setup, port security, IDS/IPS, and stateful firewall. •This add on also covers the premium device charge. •The Cradlepoint E-320 router for Business Internet is property of T-Mobile and must be returned if service is canceled | C37: 35 | D37: 35
A38: Cradlepoint–Digital Config | B38: •Cradlepoint Digital Configuration. •Provides port security, IDS/IPS, and stateful firewall. •This configuration disables primary Wi-Fi and password set up. •This add on also covers the premium device charge. •The Cradlepoint E-320 router for Business Internet is property of T-Mobile and must be returned if service is canceled | C38: 35 | D38: 35
A39: Cradlepoint–Passthru Config | B39: •Cradlepoint IP Passthrough Configuration. •Disables primary Wi-Fi, password setup, port security, IDS/IPS, and stateful firewall. •This add on also covers the premium device charge. •The Cradlepoint E-320 router for Business Internet is property of T-Mobile and must be returned if service is canceled | C39: 35 | D39: 35
A40: Cradlepoint–Custom Config (Approval Required) | B40: •Approval is required to use this feature. •Cradlepoint Custom Configuration. •Provides custom settings. •This add on also covers the premium device charge. •The Cradlepoint E-320 router for Business Internet is property of T-Mobile and must be returned if service is canceled | C40: 35 | D40: 35
A41: Inseego Connect Access - Account Level Only | B41: •Inseego Connect Access provides access to Inseego Connect, a cloud based remote manager, for T-Mobile provided Inseego routers. •This service provides Manager level access to the customer's sub-account on T-Mobile's Inseego Connect instance, which allows for remote management of devices. •Please note that for any Inseego device delivered with a Business Internet or GOV Internet Unlimited rate plan, customer cannot move or register these devices to their own Inseego Connect instance. •Feature is only available with Government HSI rate plan on the Inseego FX2000. | C41: 15 | D41: 15
B42: Connected Laptop
A43: Gov Laptop 80GB | B43: •Includes 80GB of high-speed data, then 600kbps thereafter •Includes 200MB of domestic roaming data •Includes 5GB of high-speed data in Canada and Mexico and up to 5GB of high-speed data in 215+ countries and destinations, then unlimited data up to 256kbps speeds thereafter. •Video typically streams on laptop at SD quality. •During congestion, customers on this plan may notice speeds lower than other customers. | C43: 29 | D43: 24.65
A44: Gov Laptop 130GB | B44: •Includes 130GB of high-speed data, then 600kbps thereafter •Includes 200MB of domestic roaming data •Includes 5GB of high-speed data in Canada and Mexico and up to 5GB of high-speed data in 215+ countries and destinations, then unlimited data up to 256kbps speeds thereafter. •Video typically streams on laptop at SD quality. •During congestion, customers on this plan may notice speeds lower than other customers. | C44: 47 | D44: 39.95
B45: Machine to Machine Unlimited Data
A46: Machine to Machine Unlimited Data (128kbps) w/Text | B46: •Machine-to-machine use. •The data speed is limited to a maximum of 128 kbps. •Includes 200MB of domestic roaming data Includes 500 SMS •This plan does not support voice calling. | C46: 5 | D46: 5
A47: Machine to Machine Unlimited Data (512kbps) w/text | B47: •Machine-to-machine use. •The data speed is limited to a maximum of 512 kbps. •Includes 200MB of domestic roaming data •Includes 500 SMS •This plan does not support voice calling. | C47: 10 | D47: 10
B48: EmpowerED Program Plans
A49: EmpowerED 2.0 Program 2GB Mobile Internet | B49: •2GB High Speed data (After 2GB, data at 128Kbps with no overages) •Unlimited messaging •Binge On •Domestic data roaming (200MB/mo.) •Simple Global •Optional content filter •All recurring taxes and fees included in MRC | C49: 10 | D49: 10
A50: EmpowerED 2.0 Program Unlimited High Speed Mobile Internet | B50: •Unlimited High Speed Data •Unlimited Messaging •Binge On •Domestic data roaming (200MB/mo.) •Simple Global •Stateside International Unlimited Texting •Music Freedom •All recurring taxes and fees included in MRC • During congestion, customers on this plan using >50GB/mo. may notice reduced speeds until next bill cycle due to data prioritization. | C50: 20 | D50: 20
A51: EmpowerED 2.0 Program Unlimited High Speed Mobile Internet (Special Use Only - Existing EmpowerED Customers ) | B51: •Approval Needed for Special Use Only, not available to new customers. •24-month service period is required •Unlimited High Speed Data •Unlimited Messaging •Binge On •Domestic data roaming (200MB/mo.) •Simple Global •Stateside International Unlimited Texting •Music Freedom •All recurring taxes and fees included in MRC •During congestion, customers on this plan using >50GB/mo. may notice reduced speeds until next bill cycle due to data prioritization. | C51: 15.17 | D51: 15.17
A52: EmpowerED 2.0 Program Unlimited Hotspot | B52: •Unlimited High Speed Data •Unlimited Messaging •Binge On •Domestic data roaming (200MB/mo.) •Simple Global •Stateside International Unlimited Texting •Music Freedom •All recurring taxes and fees included in MRC •During congestion, customers on this plan using >50GB/mo. may notice reduced speeds until next bill cycle due to data prioritization. | C52: 20 | D52: 20
A53: EmpowerED Program Unlimited Voice with Unlimited Hotspot | B53: •Unlimited Data (speeds slow at 3GB allotment for limited bucket plan) •Unlimited Mobile Hotspot (speeds slow at 3GB allotment for limited bucket plan) •Unlimited Voice •200MB Domestic data roaming •Simple Global •Optional content filter: GEDFLTER0 - for filtering content •Non-geographic phone number •Tax Exclusive •For use with Samsung A11, A10e, A20, Moto E6, and LG Aristo 4+ only. •During congestion, customers on this plan using >50GB/mo. may notice reduced speeds until next bill cycle due to data prioritization. | C53: 25 | D53: 25
A54: Government Private Static IP Mobile Internet for EmpowerEd only | B54: Government Private Static IP Mobile Internet. Customized setup on devices needed. | C54: 0 | D54: 0
A55: Gov Edu Web Filtering | B55: Web Content Filtering for Government | C55: 0 | D55: 0
A56: Business Edu Web Filtering | B56: Web Content Filtering for Business & Government | C56: 1 | D56: 1
B57: Project 10Million Plans
A58: Project 10 Million Program 100 GB Per Year Plan (NSLP) | B58: •100 GB data per year. •Choice of P10M Mobile hotspot device or SIM card included and discount for select WiFi devices. •For eligible NSLP student household only. •Subject to annual state allotment and Education PM approvals. •5-year T-Mobile commitment. •During congestion, Project 10Million customers may notice speeds lower than other customers due to data prioritization. Video typically streams in SD quality (480p). | C58: 0 | D58: 0
A59: Project 10Million Program 100 GB Per Month Plan (NSLP) | B59: •100 GB data per month. •Choice of P10M Mobile hotspot device or SIM card included and discount for select WiFi devices. •For eligible NSLP student household only. •Subject to annual state allotment and Education PM approvals. •5-year T-Mobile commitment. •During congestion, Project 10Million customers may notice speeds lower than other customers due to data prioritization. Video typically streams in SD quality (480p). | C59: 12 | D59: 12
A60: Project 10Million Program Unlimited Plan (NSLP) | B60: •Unlimited data per month. •Choice of P10M Mobile hotspot device or SIM card included and discount for select WiFi devices. •For eligible NSLP student household only. •Subject to annual state allotment and Education PM approvals. •5-year T-Mobile commitment. •During congestion, Project 10Million customers may notice speeds lower than other customers due to data prioritization. Video typically streams in SD quality (480p). | C60: 15 | D60: 15
A61: Project 10Million General 100 GB Per Month Plan (NSLP & Non-NSLP) | B61: •100 GB data per month •2-year commitment •Choice of P10M Mobile hotspot device or SIM card included and discount for select WiFi devices. •During congestion, Project 10Million customers may notice speeds lower than other customers due to data prioritization. Video typically streams in SD quality (480p). | C61: 12 | D61: 12
A62: Project 10Million General Unlimited Plan (NSLP & Non-NSLP) | B62: •Unlimited data per month •2-year commitment •Choice of P10M Mobile hotspot device or SIM card included and discount for select WiFi devices. •During congestion, Project 10Million customers may notice speeds lower than other customers due to data prioritization. Video typically streams in SD quality (480p). | C62: 15 | D62: 15
A63: Project 10Million General Unlimited Plan (NSLP & Non-NSLP) | B63: •Unlimited data per month •1-year commitment •Choice of P10M Mobile hotspot device or SIM card included and discount for select WiFi devices. •During congestion, Project 10Million customers may notice speeds lower than other customers due to data prioritization. Video typically streams in SD quality (480p). | C63: 20 | D63: 20
A64: Project 10Million General Unlimited Plan (NSLP & Non-NSLP) | B64: •Unlimited data per month •Month-to-Month Term •Choice of P10M Mobile hotspot device or SIM card included and discount for select WiFi devices. •During congestion, Project 10Million customers may notice speeds lower than other customers due to data prioritization. Video typically streams in SD quality (480p). | C64: 25 | D64: 25
B65: Education Only Subsidy Plans
A66: Teacher Plan Subsidy Level 1 | B66: • Unlimited talk, text, and unlimited data while on our network with no overages. • Unlimited smartphone mobile hotspot included at no extra charge. • Equipment subsidy $180. • During congestion, a small fraction of customers using >50GB/mo. may notice reduced speeds until next bill cycle due to data prioritization. • Subsidy plans include part or all of the cost of a phone in the monthly charge, and a two-year service agreement is required. If you cancel service, you may be charged a pro rata subsidy repayment. | C66: 35 | D66: 29.75
A67: Teacher Plan Subsidy Level 2 | B67: • Unlimited talk, text, and unlimited data while on our network with no overages. • Unlimited smartphone mobile hotspot included at no extra charge. • Equipment subsidy $400. • During congestion, a small fraction of customers using >50GB/mo. may notice reduced speeds until next bill cycle due to data prioritization. • Subsidy plans include part or all of the cost of a phone in the monthly charge, and a two-year service agreement is required. If you cancel service, you may be charged a pro rata subsidy repayment. | C67: 47 | D67: 39.95
A68: Gov Edu Web Filtering for Teacher Plan | B68: Web Content Filtering for Government Teacher Plan | C68: 0 | D68: 0
B69: School Bus Wifi
A70: Government Mobile Internet (School Bus) Plan | B70: •Unlimited High-Speed Internet •No Data Caps •Static IP Allowed ($2 buy-up) •Education-grade content filtering not included; optional Education-grade filtering feature available at $0 cost •Voice barred •During congestion, customers on this plan may notice speeds lower than other customers due to data prioritization. •Plan restricted to k-12 education customers only •200 Megabytes of domestic roaming | C70: 45 | D70: 38.25
B71: Connecting Heroes Plans
A72: Connecting Heroes Unlimited $0 | B72: • Unlimited talk, text, and unlimited data while on our network with no overages. • Includes 1GB of high-speed mobile hotspot data, then unlimited hotspot data at 3G speeds. • Unlimited talk, text, and up to 5GB of High Speed data in Mexico and Canada, then data at speeds up to 128kbps. • Additional international features available for purchase. • Not Subject to the prioritization threshold • Priority Access and Preemption for WPS-enrolled first responders, plus automated WPS enrollment. | C72: 0 | D72: 0
A73: Connecting Heroes AMP Unlimited $15 | B73: • Connecting Heroes features plus 20GB of high-speed mobile hotspot data, then unlimited hotspot data at 3G speeds. • Unlimited texting and data at up to 256kbps when traveling abroad in 210+ countries and destinations. • Unlimited texting and in-flight In-Flight Connection®-enabled flights. • Unlimited talk, text, and up to 5GB of High Speed data in Mexico and Canada, then data speeds at up to 256 kbps. • Name ID and Voicemail to Text. • Video streams at up to 1080p when HD video is activated. • Not Subject to the fair usage prioritization threshold • Priority Access and Preemption for WPS-enrolled first responders, plus automated WPS enrollment. | C73: 15 | D73: 15
A74: Connecting Heroes Select | B74: • Unlimited talk, text, and high-speed data. • Additional benefits include 21GB of high-speed smartphone mobile hotspot, then unlimited 3G speeds. • Unlimited texting and data at up to 128kbps when traveling abroad to a Simple Global country. • Unlimited talk, text, and data speeds at up to 128kbps in Canada and Mexico. • Optimized video streaming at up to 480p Standard Definition, and Scam Shield via the T-Mobile Scam Shield app. • Not Subject to the prioritization threshold • Priority Access and Preemption for WPS-enrolled first responders, plus automated WPS enrollment. | C74: 25 | D74: 21.25
A75: Connecting Heroes Advanced | B75: • Unlimited talk, text, and high-speed data. • Additional benefits include 41GB of high-speed smartphone mobile hotspot, then unlimited 3G speeds. • Unlimited texting and data at up to 128kbps when traveling abroad to a Simple Global country. • Unlimited talk, text, and data speeds at up to 128kbps in Canada and Mexico. • Optimized video streaming at up to 480p Standard Definition, and Scam Shield via the T-Mobile Scam Shield app. • Not Subject to the prioritization threshold • Priority Access and Preemption for WPS-enrolled first responders, plus automated WPS enrollment. | C75: 34 | D75: 28.9
A76: Connecting Heroes Ultimate | B76: • Unlimited talk, text, and high-speed data. • Additional benefits include 101GB of high-speed smartphone mobile hotspot, then unlimited 3G speeds. • Unlimited texting and data at up to 128kbps when traveling abroad to a Simple Global country. • Unlimited talk, text, and data speeds at up to 128kbps in Canada and Mexico. • Optimized video streaming at up to 480p Standard Definition, and Scam Shield via the T-Mobile Scam Shield app. • Not Subject to the prioritization threshold • Priority Access and Preemption for WPS-enrolled first responders, plus automated WPS enrollment. | C76: 46 | D76: 39.1
A77: Connecting Heroes Unlimited Data Feature | B77: • Connecting Heroes Ultimate Unlimited Hotspot Data feature upgrades the Ultimate plan to unlimited high-speed smartphone mobile hotspot data. | C77: 5 | D77: 5
B78: First Responder Voice Plans
A79: First Responder Unlimited Talk and Text with 2GB or 6GB High Speed Data | B79: • Unlimited talk and text with no overages. • Starting with up to 2GB High Speed data per month. After monthly allotment, data at 128Kbps with no overages. • Additional data available at 6GB High Speed data. •Priority Access and Preemption for WPS-enrolled first responders . | C79: 15 | D79: 12.75
A80: 2GB High Speed Data Feature for First Responder Unlimited Talk and Text | B80: • 2GB High Speed & Smartphone Mobile Hotspot (SMHS) data on your smartphone while on our network. After monthly allotment, data at 128Kbps. • No overage fees. | C80: 0 | D80: 0
A81: 6GB High Speed Data Feature for First Responder Unlimited Talk and Text | B81: • 6GB High Speed & Smartphone Mobile Hotspot (SMHS) data on your smartphone while on our network. After monthly allotment, data at 128Kbps. • No overage fees. | C81: 15 | D81: 12.75
A82: First Responder Unlimited for Phones | B82: • Unlimited talk, text, and data on our advanced network with no data overages. • Call, text, and use up to 5GB of High Speed data in Mexico and Canada at no extra charge. • Unlimited texting and 2G data roaming in more than 210 countries and destinations • Unlimited domestic data roaming and unlimited video streaming in SD quality • 11GB of High Speed hotspot data (with unlimited max 3G hotspot speeds thereafter) • Free texting and a free hour of In-Flight Connection-enabled flights • Not Subject to prioritization threshold •Priority Access and Preemption for WPS-enrolled first responders. | C82: 34 | D82: 28.9
A83: First Responder Unlimited for Phones w/Device Subsidy 1.0 Level 1 | B83: • Unlimited talk, text, and data on our advanced network with no data overages. • Call, text, and use up to 5GB of High Speed data in Mexico and Canada at no extra charge. • Unlimited texting and 2G data roaming in more than 210 countries and destinations • Unlimited domestic data roaming and unlimited video streaming in SD quality • 11GB of High Speed hotspot data (with unlimited max 3G hotspot speeds thereafter) • Free texting and a free hour of In-Flight Connection-enabled flights • Subsidy plans include part or all of the cost of a phone in the monthly charge, and a service agreement is required. If you cancel service, you may be charged a pro rata subsidy repayment. • Not Subject to prioritization threshold •Priority Access and Preemption for WPS-enrolled first responders. | C83: 46 | D83: 39.1
A84: First Responder Unlimited for Phones w/Device Subsidy 1.0 Level 2 | B84: • Unlimited talk, text, and data on our advanced network with no data overages. • Call, text, and use up to 5GB of High Speed data in Mexico and Canada at no extra charge. • Unlimited texting and 2G data roaming in more than 210 countries and destinations • Unlimited domestic data roaming and unlimited video streaming in SD quality • 11GB of High Speed hotspot data (with unlimited max 3G hotspot speeds thereafter) • Free texting and a free hour of In-Flight Connection-enabled flights • Subsidy plans include part or all of the cost of a phone in the monthly charge, and a service agreement is required. If you cancel service, you may be charged a pro rata subsidy repayment. • Not Subject to prioritization threshold •Priority Access and Preemption for WPS-enrolled first responders. | C84: 58 | D84: 49.3
A85: First Responder Unlimited for Phones w/Device Subsidy 1.0 Level 3 | B85: • Unlimited talk, text, and data on our advanced network with no data overages. • Call, text, and use up to 5GB of High Speed data in Mexico and Canada at no extra charge. • Unlimited texting and 2G data roaming in more than 210 countries and destinations • Unlimited domestic data roaming and unlimited video streaming in SD quality • 11GB of High Speed hotspot data (with unlimited max 3G hotspot speeds thereafter) • Free texting and a free hour of In-Flight Connection-enabled flights • Subsidy plans include part or all of the cost of a phone in the monthly charge, and a service agreement is required. If you cancel service, you may be charged a pro rata subsidy repayment. • Not Subject to prioritization threshold •Priority Access and Preemption for WPS-enrolled first responders . | C85: 69 | D85: 58.65
A86: First Responder Unlimited for Phones Data Feature w/11 GB Hotspot | B86: First Responder Unlimited High Speed Hotspot data allotment of 11GB included | C86: 0 | D86: 0
A87: First Responder Unlimited for Phones Data Feature w/21 GB Hotspot | B87: First Responder Unlimited High Speed Hotspot data allotment of 21GB included | C87: 10 | D87: 8.5
A88: First Responder Unlimited for Phones Data Feature w/31 GB Hotspot | B88: First Responder Unlimited High Speed Hotspot data allotment of 31GB included | C88: 15 | D88: 12.75
A89: First Responder Unlimited for Phones Data Feature w/41 GB Hotspot | B89: First Responder Unlimited High Speed Hotspot data allotment of 41GB included | C89: 25 | D89: 21.25
A90: First Responder Gov Unlimited Hotspot Feature | B90: •T-Mobile Government Unlimited Data & Hotspot feature upgrades the data plan to unlimited high-speed smartphone mobile hotspot data. •First Responder Subsidy plans only are eligible for this data feature. | C90: 5 | D90: 5
B91: First Responder Data Plans
A92: First Responder Unlimited High Speed Mobile Internet | B92: • Unlimited Mobile Hotspot data while on our network with no overages • Up to 5GB LTE data in Canada and Mexico, then unlimited at 2G speeds. • Video typically streams in SD quality (480p). | C92: 40 | D92: 34
A93: First Responder Unlimited for Fixed Routers | B93: • Unlimited data on our 4G LTE & 5G network with no overages. • Up to 5GB LTE data in Canada and Mexico, then unlimited at 2G speeds. | C93: 40 | D93: 34
A94: First Responder Unlimited High Speed Mobile Internet for Tablets w/ 11GB hotspot | B94: • Unlimited texting and High Speed data on our advanced network with no data overages. • 11GB of High Speed hotspot data (with unlimited max 3G hotspot speeds thereafter) • Texting and up to 5GB of High Speed data in Mexico and Canada. • Unlimited texting and 2G data roaming in 210+ countries and destinations and unlimited video streaming in SD quality | C94: 28.5 | D94: 24.225
A95: First Responder Unlimited High Speed Mobile Internet for Tablets w/ 21GB hotspot | B95: • Unlimited texting and High Speed data on our advanced network with no data overages. • 21GB of High Speed hotspot data (with unlimited max 3G hotspot speeds thereafter) • Texting and up to 5GB of High Speed data in Mexico and Canada. • Unlimited texting and 2G data roaming in 210+ countries and destinations and unlimited video streaming in SD quality | C95: 40.5 | D95: 34.425
A96: First Responder Unlimited High Speed Mobile Internet for Tablets w/ 31GB hotspot | B96: • Unlimited texting and High Speed data on our advanced network with no data overages. • 31GB of High Speed hotspot data (with unlimited max 3G hotspot speeds thereafter) • Texting and up to 5GB of High Speed data in Mexico and Canada. • Unlimited texting and 2G data roaming in 210+ countries and destinations and unlimited video streaming in SD quality | C96: 45.5 | D96: 38.675
A97: First Responder Unlimited High Speed Mobile Internet for Tablets w/ 41GB hotspot | B97: • Unlimited texting and High Speed data on our advanced network with no data overages. • 41GB of High Speed hotspot data (with unlimited max 3G hotspot speeds thereafter) • Texting and up to 5GB of High Speed data in Mexico and Canada. • Unlimited texting and 2G data roaming in 210+ countries and destinations and unlimited video streaming in SD quality | C97: 57.5 | D97: 48.875
B98: Features
A99: Secure Wi-Fi GSM (SmartPhone) | B99: • Secure Wi-Fi simplifies protection for mobile users and enhances a Wi-Fi session via an application for iOS or Android mobile devices that automatically encrypts data when a mobile device connects to an unsecure Wi-Fi network. • Provides the option to encrypt data when on a password-protected Wi-Fi. | C99: 1.99 | D99: 1.99
A100: Secure Wi-Fi (Mobile Internet) | B100: • Secure Wi-Fi simplifies protection for mobile users and enhances a Wi-Fi session via an application for iOS or Android mobile devices that automatically encrypts data when a mobile device connects to an unsecure Wi-Fi network. • Provides the option to encrypt data when on a password-protected Wi-Fi. | C100: 1.99 | D100: 1.99
A101: Government Public Static IP Voice | B101: • Government Public Static IP Voice, MMS & tethering not supported. • Customized setup on devices needed. | C101: 2 | D101: 2
...

Sheet E-Rate
A1: T-Mobile Current Government Rate Plans
A2: Updated: December 2024
A3: State of Oklahoma Statewide Contract #1012
D4: Contract Discount
D5: 0.15
A6: Service or Feature | B6: Description | C6: Commercially Available Price per Line/Month | D6: Monthly Recurring Cost/Line (After Eligible Contract Discount)
B7: E-Rate
A8: Government E-Rate School Bus WiFi Plan (2025-2026) | B8: •This mobile internet plan provides unlimited high-speed data for use with connected WiFi routers. •This plan is designed for use by eligible customers participating in the 2025-2026 E-Rate program. •This plan is intended for Educational/Government use only. •Customer execution of E-Rate Addendum document may be required by T-Mobile. | C8: 29.8 | D8: 29.8
A9: Government E-Rate School Bus WiFi Installation (2025-2026) - Internal Antenna | B9: Available for E-rate only Professional Installation package Internal Antenna, One time-Fee | C9: 475 | D9: 475
A10: Government E-Rate School Bus WiFi Installation (2025-2026) - External Antenna | B10: Available for E-rate only Professional Installation package External Antenna, One time-Fee | C10: 650 | D10: 650
A11: Government E-Rate Library Hotspot (2025-2026) | B11: •This mobile internet plan provides unlimited data for use with tablets and hotspot hardware. •This plan is designed for use by eligible customers participating in the 2025-2026 E-Rate Program. •This plan is intended for Educational/Government use only. •Customer execution of E-Rate Addendum document may be required by T-Mobile. | C11: 11.97 | D11: 11.97

Sheet T-Priority
A1: T-Mobile Current Government Rate Plans
A2: Updated: December 2024
D4: Contract Discount
D5: 0.15
A6: Service or Feature | B6: Description | C6: Commercially Available Price per Line/Month | D6: Monthly Recurring Cost/Line (After Eligible Contract Discount)
B7: T-Priority Voice & Data Plans
A8: T-Priority Advanced (Voice) | B8: •Unlimited talk, text, and high-speed data. •Includes 61 GB high-speed mobile hotspot data •Unlimited international texting, low-rate calling, unlimited talk, text, and up to 5GB of 4G LTE data in Canada and Mexico, then speeds at up to 256kbps and Scam Shield Premium. •Not Subject to the prioritization threshold • Priority Access, Preemption and Basic Performance Baseline for WPS-enrolled first responders, plus automated WPS enrollment. •Compatible with T-Priority SLICE. •For use with smartphones. | C8: 39.5 | D8: 39.5
A9: T-Priority Ultimate (Voice) | B9: •Unlimited talk, text, and high-speed data. •Unlimited high-speed mobile hotspot data. •Unlimited international texting, low-rate calling, unlimited talk, text, and up to 5GB of 4G LTE data in Canada and Mexico, then speeds at up to 256kbps. •Video streaming at up to 4K Ultra High Definition, and Scam Shield Premium. •Not Subject to the prioritization threshold •Priority Access, Preemption and Basic Performance Baseline for WPS-enrolled first responders, plus automated WPS enrollment. •Unlimited high-speed mobile hotspot data. •Compatible with T-Priority SLICE. •For use with smartphones. | C9: 44.5 | D9: 44.5
B10: T-Priority Feature Add-Ons
A11: T-Priority SLICE Primary | B11: The T-Mobile T-Priority add-on feature is intended for use on a T-Mobile SIM based smartphone to provide connectivity to the Internet with the benefits of Priority Access, Preemption, Highest Data Priority and Enhanced Downlink Baseline. | C11: 0 | D11: 0
A12: T-Priority SLICE Extended Primary | B12: Add-on feature intended for use on a compatible device to provide connectivity with the benefits of Highest Data Priority and Enhanced Downlink Baseline. For Extended Primary First Responder organizations on eligible rate plans. | C12: 7.5 | D12: 7.5
A13: T-Priority & SASE Primary ULT Feature | B13: The T-Mobile T-Priority service is intended for use on a T-Mobile SIM based smartphone to provide connectivity to the Internet with the benefits of Priority Access, Preemption, Highest Data Priority and Enhanced Downlink Baseline. This plan is meant for Primary Public Safety officials who actively engage in public safety scenarios like police, fire, FBI, FEMA etc. The T-Mobile SASE Private Access T-SIMsecure with Internet security service license is intended for use on a T-Mobile SIM based smartphone to provide direct connectivity to the organization's intranet and/or directly to the Internet with a suite of security features. T-SIMsecure authentication uses the T-Mobile SIM to automatically provide security capabilities, without a client, when on the T-Mobile network. Alternatively, the Versa Client can be used to connect when not using the T-Mobile network. The Versa Client is to be used by the User of the device for which the SASE license was issued. Hotspot/tethered traffic not protected by T-Mobile SASE. SASE Services are not available for EmpowerEd and Project 10Million rate plans.

Sheet International
A1: T-Mobile Current International Government Rate Plans
A2: Updated: December 2024
A3: State of Oklahoma Statewide Contract #1012
D4: Contract Discount
D5: 0.15
A6: Service or Feature | B6: Description | C6: Commercially Available Price per Line/Month | D6: Monthly Recurring Cost/Line (After Eligible Contract Discount)
B7: International Voice & Data Plans
A8: Global Plus Government Unlimited | B8: •International feature that includes access to email, online documents, messages, maps, videos, and voicemail. •Includes the following while traveling in 215+ countries or destinations: •Unlimited high-speed data for your mobile device •Unlimited calling to and from your mobile device •Unlimited messaging to and from your mobile device. •5 GB of high-speed tethering. •Speeds may vary by country. •100+ lines minimum on account. Approval required. | C8: 50 | D8: 50
A9: Global Plus Simple Choice | B9: •International feature that includes access to email, online documents, messages, maps, videos, and voicemail. •Includes the following while traveling in 215+ countries or destinations: •Unlimited high-speed data for your mobile device •Unlimited calling to and from your mobile device •Unlimited messaging to and from your mobile device. •5 GB of high-speed tethering. •Speeds may vary by country. •100+ lines minimum on account. Approval required. | C9: 50 | D9: 50
A10: Global Elite Government Unlimited | B10: •International feature that includes access to email, online documents, messages, maps, videos, and voicemail. •Includes the following while traveling in 215+ countries or destinations: •Unlimited high-speed data for your mobile device •Unlimited calling to and from your mobile device •Unlimited messaging to and from your mobile device. •15 GB of high-speed tethering. •Speeds may vary by country. •100+ lines minimum on account. Approval required. | C10: 100 | D10: 100
A11: Global Elite Simple Choice | B11: •International feature that includes access to email, online documents, messages, maps, videos, and voicemail. •Includes the following while traveling in 215+ countries or destinations: •Unlimited high-speed data for your mobile device •Unlimited calling to and from your mobile device •Unlimited messaging to and from your mobile device. •15 GB of high-speed tethering. •Speeds may vary by country. •100+ lines minimum on account. Approval required. | C11: 100 | D11: 100
A12: International Voice 1-Day Pass (Voice and Data Lines) | B12: •24 hours of increased international features, with up to 512MB of high-speed data plus Smartphone Mobile Hotspot and unlimited calling in more than 210 Simple Global countries. •Speeds & coverage vary based on device and country. •If all high-speed data is used during the 24-hour period, you will experience slower data speeds but continue to have unlimited calling for the rest of the period. •Authorized users may purchase 10 passes per line to use within 30 days. •Once high-speed data is used on the first pass, the second pass will begin, and the 24-hour period will restart. | C12: 5 | D12: 5
A13: 5GB International Pass up to 10 days (Voice and Data Lines) | B13: •Up to 5GB of high-speed data, including Mobile Hotspot, PLUS unlimited calling for up to 10 days in over 210 Simple Global countries. •Speeds & coverage vary based on device and country. •Once all high-speed data is used, unlimited calling and data will continue for the full 10 days but you may experience slower data speeds. •If all high-speed data is used, and a NEW pass is purchased before the expiration of the first one, the second pass will begin immediately. The original pass and any remaining benefits will expire when the new pass activate is activated. | C13: 35 | D13: 35
A14: 15GB International Pass up to 30 days (Voice and Data Lines) | B14: •Up to 15GB of high-speed data, including Mobile Hotspot, PLUS unlimited calling for up to 30 days in over 210 destinations. •Speeds & coverage vary based on device and country. •Once all high-speed data is used, unlimited calling and data will continue for the full 30 days but you may experience slower data speeds. •If all high-speed data is used, and a NEW pass is purchased before the expiration of the first one, the second pass will begin immediately. The original pass and any remaining benefits will expire when the new pass activate is activated. | C14: 50 | D14: 50
A15: International Voice 1-Day Pass (Mobile Internet Lines) | B15: •For up to 1 day in 215+ countries and destinations, you get: •Up to 512MB of high-speed international data. This data can also be used as a Mobile Hotspot •Calls made via Wi-Fi calling are subject to rates as detailed on the Wi-Fi calling > Billing page. •Data Passes do not work in Non-Simple Global Countries. | C15: 5 | D15: 5
A16: 5GB International Pass up to 10 days (Mobile Internet Lines) | B16: •For up to 10 days in 215+ countries and destinations, you get: •Up to 5GB of high-speed international data. This data can also be used as a Mobile Hotspot •Calls made via Wi-Fi calling are subject to rates as detailed on the Wi-Fi calling > Billing page. •Data Passes do not work in Non-Simple Global Countries. | C16: 35 | D16: 35
A17: 15GB International Pass up to 30 days (Mobile Internet Lines) | B17: •For up to 30 days in 215+ countries and destinations, you get: •Up to 15GB of high-speed international data. This data can also be used as a Mobile Hotspot •Calls made via Wi-Fi calling are subject to rates as detailed on the Wi-Fi calling > Billing page. •Data Passes do not work in Non-Simple Global Countries. | C17: 50 | D17: 50
A18: International Data Pass Auto Deploy - 1 Day 3GB | B18: •Includes 24 hours of up to 3GB high speed data plus Smartphone Mobile Hotspot and unlimited calling in more than 215+ countries and destinations. •If all high speed data is used during the 24 hour period, slower data speeds are experienced but will continue to have unlimited calling for the rest of the period. | C18: 10 | D18: 10
A19: International Data Pass Auto Deploy MI - 1 Day 3GB | B19: •Includes 24 hours of up to 3GB high speed data plus Mobile Hotspot and unlimited calling in more than 215+ countries and destinations. •If all high speed data is used during the 24 hour period, slower data speeds are experienced but will continue to have unlimited calling for the rest of the period. | C19: 10 | D19: 10

Sheet BSS MDM
A1: T-Mobile Current Government Rate Plans
A2: Business Sofware Solutions (BSS) Mobile Device Management (MDM)
A3: Updated:December 2024
A4: State of Oklahoma Statewide Contract #1012
A6: Solution | B6: Description | C6: Commercially Available Price per License/Month
B7: VMware
A8: VMware CCPS Support Basic Plus Mthly GOV Add-On | B8: Mobile Device Management Subscription | C8: 0.6
A9: VMware CCPS Support Advanced Mthly GOV Add-On | B9: Mobile Device Management Subscription | C9: 1
A10: VMware WSP1 Mob Essentials Per Device Billed Mthly Under 500 GOV | B10: Minimum of 25 licenses required | C10: 3.3
A11: VMware WSP1 UEM Essentials Per Device Billed Mthly Under 500 GOV | B11: Minimum of 25 licenses required | C11: 5.78
A12: VMware WSP1 Assist Per Device Billed Mthly Under 500 GOV Add-on | B12: Minimum of 25 licenses required | C12: 0.55
A13: VMware WSP1 Education Essentials Per Device Billed Monthly GOV | B13: Minimum of 25, Educational Institutions only | C13: 1.32
A14: VMware WSP1 Mob Essentials Per Device Billed Mthly 500 Plus GOV | B14: Minimum of 25 licenses required | C14: 2.8
A15: VMware WSP1 UEM Essentials Per Device Billed Mthly 500 Plus GOV | B15: Minimum of 25 licenses required | C15: 4.9
A16: VMware WSP1 Assist Per Device Billed Mthly 500 Plus GOV Add-on | B16: Minimum of 25 licenses required | C16: 0.46
C17: Non-recurring
A18: VMware CCPS Deployment Light GOV | B18: One-time deployment fee | C18: 500
A19: VMware CCPS Deployment Professional Std GOV | B19: One-time deployment fee | C19: 1000
A20: VMware CCPS Deployment Professional Advanced GOV | B20: One-time deployment fee | C20: 5000
A29: Solution | B29: Description | C29: Commercially Available Price per License/Month
B30: Ivanti
A31: Ivanti Mobile Manage and Protect GOV | B31: Must be new MDM customer to Ivanti. Min of 20 and max of 2K licenses | C31: 5.5
A32: Ivanti Neurons MDM Dvc Cld Annl Term Bill Mthly Under 500 GOV | B32: Minimum of 20 licenses | C32: 4
A33: Ivanti Neurons MDM User Cl Annl Term Bill Mthly Under 500 GOV | B33: Minimum of 20 licenses. 5 device per user | C33: 6
A34: Ivanti Neurons MDM Prem Dvc Cld Annl Term Bill Mthly Under 500 Mthly GOV | B34: Minimum of 20 licenses. | C34: 7.5
A35: Ivanti Neurons MDM Prem User Cld Annl Term Bill Mthly Under 500 GOV | B35: Minimum of 20 licenses. 5 device per user | C35: 12
A36: Ivanti Mobile Threat Def Cld An Trm Bill Mthly Under 500 GOV Add On | B36: Minimum of 20 licenses. | C36: 6
A37: Ivanti Neurons UEM Prem Dvc Cld Annl Term Bill Mthly Under 500 GOV | B37: Minimum of 20 licenses. | C37: 8.5833333
A38: Ivanti Neurons UEM Dvc Cld Annl Term Bill Mthly Under 500 GOV | B38: Minimum of 20 licenses. | C38: 4.9166667
A39: Ivanti CCPS Support Basic Plus Mthly GOV Add-On | B39: Mobile Device Management Subscription | C39: 0.6
A40: Ivanti CCPS Support Advanced Mthly GOV Add-On | B40: Mobile Device Management Subscription | C40: 1
A41: Ivanti Neurons MDM Dvc Cld Annl Term Bill Mthly 500 plus GOV | B41: Minimum of 20 licenses | C41: 3.4
A42: Ivanti Neurons MDM User Cl Annl Term Bill Mthly 500 plus GOV | B42: Minimum of 20 licenses. 5 device per user | C42: 5.1
... A48: Ivanti Neurons MDM Dvc Cld Annl Term Bill Mthly 1000 plus GOV | B48: Minimum of 20 licenses. | C48: 3.25
C49: Non-recurring
A50: Ivanti CCPS Deployment Light GOV | B50: One-time deployment fee | C50: 500
A51: Ivanti CCPS Deployment Professional Std GOV | B51: One-time deployment fee | C51: 1000
A52: Ivanti CCPS Deployment Professional Advanced GOV | B52: One-time deployment fee | C52: 5000
A62: Solution | B62: Description | C62: Commercially Available Price per License/Month
B63: Samsung Knox
A64: Samsung Knox Suite-Monthly MI-KXKSSWWC2M0 under 500 GOV | B64: Knox Suite Monthly includes Manage, EFOTA, KPE | C64: 3.5
A65: Samsung Knox Manage-Monthly MI-KXKMSWWC2M0 Under 500 GOV | B65: Knox Manage Monthly | C65: 2
A66: Samsung Knox Configure-Dynamic Edtn Dvc MI-OSKCDM1WWT2 Under 500 GOV | B66: Knox Configure-Dynamic Edition | C66: 0.87
A67: Samsung Knox Suite-Monthly MI-KXKSSWWC2M0 500 plus GOV | B67: Knox Suite Monthly includes Manage, EFOTA, KPE | C67: 2.975
A68: Samsung Knox Manage-Monthly MI-KXKMSWWC2M0 500 plus GOV | B68: Knox Manage Monthly | C68: 1.7
A69: Samsung Knox Configure-Dynamic Edtn Dvc MI-OSKCDM1WWT2 500 plus GOV | B69: Knox Configure-Dynamic Edition | C69: 0.7395
C70: Non-recurring
A71: Samsung Knox Advanced B2B Tech Spt 1 Yr MI-OVCPAA GOV | B71: Annual Fee - Advanced B2B technical support 1 year | C71: 20000
A72: Samsung Knox Elite B2B Tech Spt 1 Yr MI-OVCPAB GOV | B72: Annual Fee - Elite B2B technical support 1 year | C72: 50000
A73: Samsung Knox Manage Quickstart: Secure Cntrl MI-OVCPK3 GOV | B73: One-time deployment fee | C73: 1699
A74: Samsung Knox Mobile Deploy Service Eng per hr MI-OVMTAA2 GOV | B74: One-time hourly deployment service engineers, minimum 8 hours required | C74: 250
A75: Samsung Knox Manage Quick Start: App Control MI-OVCPK2 GOV | B75: One-time deployment fee | C75: 699
A76: Samsung Knox Suite Setup Service MI-OVPSAB2 GOV | B76: One-time deployment fee | C76: 3999
A85: Solution | B85: Description | C85: Commercially Available Price per License/Month
B86: IBM MaaS360
A87: IBM MaaS360 Enterprise User over 1000 Mthly / D1P3YLL GOV | B87: Mobile Device Management Subscription | C87: 18
A88: IBM MaaS360 Deluxe Device over 1000 Mthly / D1P3LLL GOV | B88: Mobile Device Management Subscription | C88: 5
A89: IBM Maas360 TeamViewer User /D0047ZX GOV Add On | B89: Mobile Device Management Subscription | C89: 2
A90: IBM Maas360 TeamViewer Device /D0048ZX GOV Add On | B90: Mobile Device Management Subscription | C90: 1
A91: IBM MaaS360 Secure Mobile Browser User /D1AGZLL GOV Add On | B91: Mobile Device Management Subscription | C91: 2.5
A92: IBM MaaS360 Secure Mobile Browser Device /D1AGWLL GOV Add On | B92: Mobile Device Management Subscription | C92: 1
A93: IBM MaaS360 Mobile Threat Mgmt User /D1AJSLL GOV Add On | B93: Mobile Device Management Subscription | C93: 2.5
A94: IBM MaaS360 Mobile Threat Mgmt Device / D1AJPLL GOV Add On | B94: Mobile Device Management Subscription | C94: 1
A95: IBM MaaS360 Essentials Dvc over 1000 Mthly / D1P3GLL GOV | B95: Mobile Device Management Subscription | C95: 3
A96: IBM MaaS360 Essentials Dvc 501 -1000 Licenses / D1P3GLL GOV | B96: Mobile Device Management Subscription | C96: 3.3
A97: IBM MaaS360 Essentials Dvc 11 -500 Licenses / D1P3GLL GOV | B97: Mobile Device Management Subscription | C97: 3.5
A98: IBM MaaS360 Essentials Dvc under 11 licenses / D1P3GLL GOV | B98: Mobile Device Management Subscription | C98: 4
C99: Non-recurring
A100: IBM MaaS360 Consultant On Demand 20 /D01XMZX GOV | B100: One-Time Fee | C100: 7200
A101: IBM MaaS360 Enhanced Cust Setup D1X6SLL GOV | B101: No Cost Setup for Customer Purchasing at least 50 licenses. Must be new customer and have ABM/KME setup complete where required. | C101: 730
A110: Solution | B110: Description | C110: Commercially Available Price per License/Month
B111: Jamf Pro
A112: JAMF Pro Monthly (iOS or tvOS) under 500 GOV | B112: Mobile Device Management Subscription | C112: 3.33
A113: JAMF Pro Monthly (macOS) under 500 GOV | B113: Mobile Device Management Subscription | C113: 7.17
A114: JAMF Pro Monthly (iOS or tvOS) 500 plus GOV | B114: Mobile Device Management Subscription | C114: 2.997
A115: JAMF Pro Monthly (macOS) 500 plus GOV | B115: Mobile Device Management Subscription | C115: 6.453
C116: Non-recurring
A117: JAMF Pro (iOS & macOS) - Deployment-A GOV | B117: One-Time Add-on Fee | C117: 1500

Sheet BSS Actsoft
A1: T-Mobile Current Government Rate Plans
A2: ActSoft
A3: Updated: December 2024
A4: State of Oklahoma Statewide Contract #1012
A6: Service or Feature | B6: Description | C6: Commercially Available Price per Line/Month for Government
B7: ActSoft
A8: Encore Classic | B8: •Choice of six pre-built forms or modules •One Administrative User •In Application Messaging •Mobile Timekeeping •GPS Location, Date, and Timestamp for all Mobile Timekeeping events •Create groups and assign mobile users to them •Request on-demand and schedule reports •Ad-Hoc report capabilities on Timekeeping data •In application file importing | C8: 9
A9: Encore Essentials | B9: Includes all Classic functionality plus: •Choice of five hundred pre-built forms or modules •Two Administrative Users •Unlimited Wireless Forms •Unlimited Form Submissions •Industry specific form library of prebuilt forms •Large selection of standard form field types (Text, Number, Date/Time, Selection, etc.) •Camera, Signature, and Audio Recording capabilities •Calculation Engine for numerical and date/time formulas •Custom List/Reference Data fields to look up and populate data based on selection •Filtering capabilities available on Custom List/Reference Data fields •Conditional Emailing for form Submissions •Ad-Hoc report capabilities for Wireless Forms | C9: 13.5
A10: Encore Ultimate | B10: Includes all Essentials functionality plus: •Three Administrative Users •Work Order Dispatching Module •Store Client details for ease of data entry. Pre-populate common information like address, contact, email, phone number based on the selected client •Create and store additional custom properties for clients •Customize Work Order Services and Status Workflows •Customize data capture requirements for each step in the order process •Order view to see current status of all open orders •Drag and drop dispatching to assign orders to users •Calendar view to see all user’s assigned work orders and availability •Driving directions on the driver’s mobile application | C10: 18
A11: Encore Vault Add-On Feature | B11: Vault gives organizations extra measures in place to further enhance data security for compliance with privacy requirements and industry regulations. Vault includes data encryption at rest and in transit, enhanced physical security, proactive 24/7 system monitoring plus available staff compliance training. | C11: 4.5
A12: Encore GPS Add-On Feature | B12: •Track workers on Mobile Devices in near real-time •Position updates every minute while moving, every hour while stopped •Create Polygon or Circle geofences for violation alerts and reporting •Multiple Alerting Options (Speed, Stop Time, Geofences) •Mileage and Travel Time Reports •Time spent at geofenced location reports | C12: 4.5
A13: Workforce Manager for Gov | B13: This Product is a separate offering that is dedicated to the Federal Government and those Governmental Agencies who require FedRAMP Authorization. This Product is hosted on a separate, dedicated Microsoft Azure Government Cloud. All Features and Functionality available on the Encore Platform are inherently included in the Workforce Manager for Gov Product. The Product meets all the stringent data security requirements for both StateRAMP and FedRAMP Authorizations. | C13: 36

Sheet SASE
A1: T-Mobile Current Government Rate Plans
A2: Secure Access Service Edge (SASE)
A3: Updated: December 2024
A4: State of Oklahoma Statewide Contract #1012
A6: Service or Feature | B6: Description | C6: Commercially Available Price per Line/Month
B7: Secure Access Service Edge (SASE)
A8: SASE PrvAc SWG TSIM clt CTM Voice | B8: T-Mobile SASE Private Access and Secure Internet Service TSIM license provides a single use T-Mobile SIM fixed wireless internet Device with secure, direct connectivity to the organization’s network or to the Internet with a suite of security features. Usage not to exceed the maximum 100 gigabytes per month/license.* | C8: 10.49
A9: SASE PrvAc SWG TSIM clt CTM MI | B9: T-Mobile SASE Private Access and Secure Internet Service TSIM license provides a single use T-Mobile SIM fixed wireless internet Device with secure, direct connectivity to the organization’s network or to the Internet with a suite of security features. Usage not to exceed the maximum 100 gigabytes per month/license.* | C9: 10.49
A10: Secure Internet Go S Voice | B10: Secure Internet Go - Security provides advanced content filtering of risky websites plus internet traffic scans to provide protection from online threats when on the T-Mobile network. It is only available for a T-Mobile smartphone, tablet or connected laptop and leverages T-SIMsecure authentication that uses the T-Mobile SIM to authenticate and automatically provide security capabilities, without a client. Hotspot/tethered traffic not protected by T-Mobile SASE. Usage not to exceed the maximum 50 gigabytes per month/license.** | C10: 3.99
A11: Secure Internet Go S MI | B11: Secure Internet Go - Security provides advanced content filtering of risky websites plus internet traffic scans to provide protection from online threats when on the T-Mobile network. It is only available for a T-Mobile smartphone, tablet or connected laptop and leverages T-SIMsecure authentication that uses the T-Mobile SIM to authenticate and automatically provide security capabilities, without a client. Hotspot/tethered traffic not protected by T-Mobile SASE. Usage not to exceed the maximum 50 gigabytes per month/license.** | C11: 3.99
A12: Secure Internet Go SP Voice | B12: Secure Internet Go - Security + Productivity provides advanced content filtering of risky and online gaming/streaming websites plus internet traffic scans to provide protection from online threats when on the T-Mobile network. It is only available for a T-Mobile smartphone, tablet or connected laptop and leverages T-SIMsecure authentication that uses the T-Mobile SIM to authenticate and automatically provide security capabilities, without a client. Hotspot/tethered traffic not protected by T-Mobile SASE. Usage not to exceed the maximum 50 gigabytes per month/license.** | C12: 3.99
A13: Secure Internet Go SP MI | B13: Secure Internet Go - Security + Productivity provides advanced content filtering of risky and online gaming/streaming web sites plus internet traffic scans to provide protection from online threats when on the T-Mobile network. It is only available for a T-Mobile smartphone, tablet or connected laptop and leverages T-SIMsecure authentication that uses the T-Mobile SIM to authenticate and automatically provide security capabilities, without a client. Hotspot/tethered traffic not protected by T-Mobile SASE. Usage not to exceed the maximum 50 gigabytes per month/license.** | C13: 3.99

Sheet 3rd Eye MMA
A1: T-Mobile Current Government Rate Plans
A2: 3rd Eye Mystic Messaging Archival
A3: Updated: December 2024
A4: State of Oklahoma Statewide Contract #1012
A6: Service or Feature | B6: Description | C6: Commercially Available Price per Line/Month
B7: 3rd Eye Mystic Messaging Archival
A8: 3rd Eye API Voice | B8: • 3rd Eye API Voice enables the customer to Capture, Archive, and Search Mobile Text Messages on Voice Plans. | C8: 4
A9: 3rd Eye API MI | B9: • 3rd Eye API Mobile Internet enables the customer to Capture, Archive, and Search Mobile Text Messages on Mobile Internet Plans (select devices only). | C9: 4

Sheet TDC
A1: T-Mobile Current Government Rate Plans
A2: T-Mobile Direct Connect (TDC)
A3: Updated: December 2024 | D3: Contract Discount
A4: State of Oklahoma Statewide Contract #1012 | D4: 0.15
A5: Service or Feature | B5: Description | C5: Commercially Available Price per Line/Month | D5: Monthly Recurring Cost/Line (After Eligible Contract Discount)
B6: T-Mobile Direct Connect
A7: Direct Connect for Wi-Fi | B7: • T-Mobile Direct Connect for Wi-Fi only devices. • T-Mobile Direct Connect is a push-to-talk solution that keeps your workforce in constant real-time contact with each other, support teams and headquarters. • For use with tablets or smartphones which are not connected to a carrier network (Wi-Fi only). • Device must be connected to Wi-Fi for Direct Connect service to function. Eligible on most Apple iOS and Android devices. • Requires T-Mobile Direct Connect mobile app or a push-to-talk enabled device. • Tax exclusive. | C7: 5 | D7: 5
A8: Direct Connect Cross Carrier | B8: • T-Mobile Direct Connect for cross-carrier. • T-Mobile Direct Connect is a push-to-talk solution that keeps your workforce in constant real-time contact with each other, support teams and headquarters. For use when host carrier is not T-Mobile. • Direct Connect for Cross Carrier is eligible on most Apple iOS and Android devices with an active SIM and Data connection on another carrier. • Requires T-Mobile Direct Connect mobile app or a push-to-talk enabled device. • Tax exclusive. | C8: 5 | D8: 5
A9: Direct Connect DesktopDispatch | B9: • T-Mobile Direct Connect for desktop dispatch. • T-Mobile Direct Connect is a push-to-talk solution that keeps your workforce in constant real-time contact with each other, support teams and headquarters. • For use on desktop or laptop computers. • Direct Connect for Desktop Dispatch is browser based and eligible on most windows-based operating systems. • Tax exclusive. | C9: 30 | D9: 30
A10: Direct Connect Only Plan Government | B10: • T-Mobile Direct Connect is a push-to-talk solution that keeps your workforce in constant real-time contact with each other, support teams, and headquarters. Requires T-Mobile Direct Connect mobile app or a push-to-talk enabled device. | C10: 21 | D10: 17.85
A11: DC LMR Interop Talk Group | B11: • Land Mobile Radio (LMR) Interoperability Talk Group reservation for an LMR Channel. • LMR Interoperability requires additional hardware and configuration. • Contact your Account Executive for additional information. | C11: 0 | D11: 0
A12: DC LMR Interop User/CSSI/ISSI | B12: •Land Mobile Radio (LMR) Interoperability resource reservation for an LMR User, CSSI, or ISSI connection. • LMR Interoperability requires additional hardware and configuration. • Contact your Account Executive for additional information. | C12: 0 | D12: 0
A13: TDC Add-On Features | B13: Description | C13: Commercially Available Price per Line/Month | D13: Monthly Recurring Cost/Line (After Eligible Contract Discount)
A14: Direct Connect $5 Handset | B14: • T-Mobile Direct Connect add-on for Voice plans. • T-Mobile Direct Connect is a push-to-talk solution that keeps your workforce in constant real-time contact with each other, support teams and headquarters. • T-Mobile Direct Connect requires an active Voice line with data. • Requires T-Mobile Direct Connect mobile app or a push-to-talk enabled device. | C14: 5 | D14: 5
A15: Direct Connect Tablet $5 | B15: • T-Mobile Direct Connect add-on for Mobile Internet plans. • T-Mobile Direct Connect is a push-to-talk solution that keeps your workforce in constant real-time contact with each other, support teams and headquarters. • T-Mobile Direct Connect requires an active Mobile Internet line with data. • Requires T-Mobile Direct Connect mobile app or a push-to-talk enabled device. | C15: 5 | D15: 5
A16: LMR Interop add on for MI | B16: • For use with Mobile Internet plans. • Land Mobile Radio (LMR) Interoperability allows you to extend your existing LMR system with the T-Mobile Direct Connect Push-To-Talk network via a secure connection. • LMR Interoperability requires additional hardware and configuration. • Contact your Account Executive for additional information. | C16: 5 | D16: 5
A17: LMR Interop add on for GSM | B17: • For use with Voice plans. Land Mobile Radio (LMR) Interoperability allows you to extend your existing LMR with the T-Mobile Direct Connect Push-To-Talk network via a secure connection. • LMR Interoperability requires additional hardware and configuration. • Contact your Account Executive for additional information. | C17: 5 | D17: 5
A18: Direct Connect Block All Data | B18: For use with Voice plans with a Direct Connect add-on feature. Blocks all data not related to T-Mobile Direct Connect services. | C18: 0 | D18: 0
A19: Direct Connect Blk Data MI | B19: For use with Mobile Internet plans with a Direct Connect add-on feature. Blocks all data not related to T-Mobile Direct Connect services. | C19: 0 | D19: 0
A20: TDC Business Critical | B20: For use with Voice plans. Business Critical adds large Talkgroup calling up to 3,000 members, Emergency calling, and Location based dynamic Talkgroups. Contact your Account Executive for additional information. | C20: 5 | D20: 5
A21: TDC Business Critical MI | B21: For use with Mobile Internet plans. Business Critical adds large Talkgroup calling up to 3,000 members, Emergency calling, and Location based dynamic Talkgroups. Contact your Account Executive for additional information. | C21: 5 | D21: 5
A22: Service or Feature | B22: Description | C22: Commercially Available Price per Line/Month | D22: Commercially Available Price per Line/Month
A23: DC Mission Critical | B23: For use with Voice plans. Mission Critical adds our most advanced PTT feature set. Contact your Account Executive for additional information. | C23: 20 | D23: 20
A24: DC Mission Critical MI | B24: For use with Mobile Internet plans. Mission Critical adds our most advanced PTT feature set. Contact your Account Executive for additional information. | C24: 20 | D24: 20
A25: DC MC Desktop Dispatch | B25: For use with Desktop Dispatch plans. Mission Critical adds our most advanced PTT feature set. Contact your Account Executive for additional information. | C25: 195 | D25: 195
A26: DC Mission Critical Demo | B26: Demo. For use with Voice plans. Mission Critical adds our most advanced PTT feature set. Contact your Account Executive for additional information. | C26: 0 | D26: 0
A27: DC Mission Critical Demo MI | B27: Demo. For use with Mobile Internet plans. Mission Critical adds our most advanced PTT feature set. Contact your Account Executive for additional information. | C27: 0 | D27: 0
A28: DC MC Desktop Dispatch Demo | B28: Demo. For use with Mobile Internet plans. Mission Critical adds our most advanced PTT feature set. Contact your Account Executive for additional information. | C28: 0 | D28: 0
A29: DC Video Streaming | B29: For use with Voice plans. Video streaming to individuals, Talkgroups and ad hoc groups. Contact your Account Executive for additional information. | C29: 12 | D29: 12
A30: DC Video Streaming MI | B30: For use with Mobile Internet plans. Video streaming to individuals, Talkgroups and ad hoc groups. Contact your Account Executive for additional information. | C30: 12 | D30: 12
A31: DC Video Streaming Demo | B31: Demo. For use with Voice plans. Video streaming to individuals, Talkgroups and ad hoc groups. Contact your Account Executive for additional information. | C31: 0 | D31: 0
A32: DC Video Streaming Demo MI | B32: Demo. For use with Mobile Internet plans. Video streaming to individuals, Talkgroups and ad hoc groups. Contact your Account Executive for additional information. | C32: 0 | D32: 0
A33: One-Time Charges | B33: Description | C33: One-Time Charge
A34: Assisted RoIP Integration | B34: Contact your Account Executive for additional information. | C34: 4500 | D34: N/A
A35: Managed RoIP Integration | B35: Contact your Account Executive for additional information | C35: 6500 | D35: N/A
A36: Upgrade Assisted to Managed | B36: Contact your Account Executive for additional information | C36: 2000 | D36: N/A

Sheet Geotab
A1: T-Mobile Current Government Rate Plans
A2: Updated: December 2024
A3: State of Oklahoma Statewide Contract #1012 | D3: Contract Discount
D4: 0.15
A5: Service or Feature | B5: Description | C5: Commercially Available Price per Line/Month | D5: Monthly Recurring Cost/Line (After Eligible Contract Discount)
B6: Geotab Fleet Management for Government Plans
A7: Geotab Fleet Management Base Plan for Government TE | B7: •GPS location •VIN •Driver ID •Basic IOX support worldwide •Unlimited Data (512 kbps speed) •Canada and Mexico roaming (all other Simple Global countries blocked) •Unlimited domestic roaming •Device is eligible for EIP | C7: 15 | D7: 12.75
A8: Geotab Fleet Management Regulatory Plan w/ HOS for Government TE | B8: •Hours of Service, •IFTA and Temperature Monitoring functionality over the Base plan. •Geared toward assisting fleets in meeting a range of compliance regulations in the USA and Canada •Unlimited Data (512 kbps speed) •Canada and Mexico roaming (all other Simple Global countries blocked) •Unlimited domestic roaming •Device is eligible for EIP | C8: 23.5 | D8: 19.975
A9: Geotab Fleet Management Pro Plus Plan TE | B9: •The ProPlus plan offers the greatest functionality, including Active Tracking, a lifetime warranty, and premium services for Electric Vehicles. •Harness and other accessories sold separately. •Unlimited Data (512 kbps speed) •Canada and Mexico roaming (all other Simple Global countries blocked) •Unlimited domestic roaming •Device is eligible for EIP | C9: 21.47 | D9: 18.2495
A10: Government Geotab ProPlus Bundle Self Install TE | B10: • The ProPlus plan offers the greatest functionality, including Active Tracking, a lifetime warranty, and premium services including Electric Vehicles. • Monthly service fee includes a Geotab GO device, harness, and Geotab Pro Plus solution. • Installation services are not included. • Taxes and fees are itemized separately • Unlimited Data (512 kbps speed) • Canada and Mexico roaming (all other Simple Global countries blocked) • Unlimited domestic roaming | C10: 19.25 | D10: 19.25
A11: Government Geotab ProPlus Bundle with Installation TE | B11: •The ProPlus plan offers the greatest functionality, including Active Tracking, a lifetime warranty, and premium services including Electric Vehicles. •Monthly service fee includes a Geotab GO device, harness, and Geotab Pro Plus solution. •Basic Installation services are included. •Taxes and fees are itemized separately •Unlimited Data (512 kbps speed) •Canada and Mexico roaming (all other Simple Global countries blocked) •Unlimited domestic roaming | C11: 19.75 | D11: 19.75
A12: Geotab Public Works plan Bundle for Government Self Install TE | B12: •Public Works is a scalable and robust solution for government fleet management. It helps government agencies manage vehicles such as salt spreaders, snow plows, street sweepers and waste management vehicles. •Monthly service fee includes a Geotab GO device, harness, and Geotab Pro Plus solution. •The Winter Operations solution also requires IOX-WRKS Cable for an additional cost. •Unlimited Data (512 kbps speed) •Installation services are not included. •Taxes and fees are itemized separately •Canada and Mexico roaming (all other Simple Global countries blocked) •Unlimited domestic roaming •Device is eligible for EIP | C12: 34.5 | D12: 34.5
A13: Geotab Public Works plan Bundle for Government with Installation TE | B13: •Public Works is a scalable and robust solution for government fleet management. It helps government agencies manage vehicles such as salt spreaders, snow plows, street sweepers and waste management vehicles. •Monthly service fee includes a Geotab GO device, harness, and Geotab Pro Plus solution. •The Winter Operations solution also requires IOX-WRKS Cable for an additional cost. •Unlimited Data (512 kbps speed) •Basic Installation services are included. •Taxes and fees are itemized separately •Canada and Mexico roaming (all other Simple Global countries blocked) •Unlimited domestic roaming •Device is eligible for EIP | C13: 35 | D13: 35
A14: Geotab Surfsight Dashcam | B14: •Unlimited data •Data plan that will throttle when it reaches 2GB of data usage. •Optimized video streaming at 480p •200MB Domestic data roaming •Canada and Mexico roaming (all other Simple Global countries blocked) | C14: 27 | D14: 22.95

Sheet Multiline
A1: T-Mobile Current Government Rate Plans
A2: Multiline
A3: Updated: December 2024
A4: State of Oklahoma Statewide Contract #1012
A5: Service or Feature | B5: Description | C5: Commercially Available Price per Line/Month | D5: SOC
B6: Multiline
A7: MultiLine Standard Gov | B7: • Highly-secure and compliant enterprise-grade app that puts a separate fully functional work phone with a business number on any smartphone, regardless of what wireless service provider they use. • Requires an active Voice line with data. • The MultiLine app is only available on iOS or Android smartphone platforms. • Tax Exclusive. | C7: 13.94 | D7: MULTILGS
A8: MultiLine Plus Gov | B8: • Highly-secure and compliant enterprise-grade app that puts a separate fully functional work phone with a business number on any smartphone, regardless of what wireless service provider they use. • Plus includes message capture, message opt-in/out, message blocking, and message redaction. • Requires an active Voice line with data. • The MultiLine app is only available on iOS or Android smartphone platforms. • Tax Exclusive. | C8: 18.04 | D8: MULTILGP
A9: MultiLine Enterprise Gov | B9: • Highly-secure and compliant enterprise-grade app that puts a separate fully functional work phone with a business number on any smartphone, regardless of what wireless service provider they use. • Includes message capture, message opt-in/out, message blocking, message redaction, and voice recording. • Requires an active Voice line with data. •The MultiLine app is only available on iOS or Android smartphone platforms. •Tax Exclusive. | C9: 24.6 | D9: MULTILGE
A10: Add-On Features | B10: Description | C10: Commercially Available Price per Line/Month | D10: SOC
A11: Blackberry Dynamics Integration | B11: Blackberry Dynamics Integration add-on feature integrates your MultiLine app with your BlackBerry Unified Endpoint Management (UEM). BlackBerry Unified Endpoint Management is purchased separately and is not provided directly by T-Mobile. | C11: 3.25 | D11: BLKBRYDY
A12: Microsoft Intune Integration | B12: Microsoft Intune Integration add-on feature integrates your MultiLine app with your Microsoft Intune Mobile Device Manager (MDM). Microsoft Intune is purchased separately and not provided directly from T-Mobile. | C12: 3.25 | D12: MINTUNE
A13: Microsoft Teams Desktop Add-On for Messaging | B13: Microsoft Teams Desktop Add-On for Messaging enables customers to send and receive SMS messages from within the Microsoft Teams desktop interface. Microsoft Teams is purchased separately and is not provided directly by T-Mobile. | C13: 5 | D13: MVTEAMSMS
A14: Salesforce Integration | B14: Salesforce Integration add-on feature integrates your MultiLine app with your Enterprise Salesforce Organization. Enterprise Salesforce Organization is purchased separately and is not provided directly by T-Mobile. | C14: 20 | D14: SFINTERG
A15: WhatsApp Messaging Channel | B15: WhatsApp Messaging Channel add-on feature allows compliant WhatsApp messaging directly inside of your MultiLine app. WhatsApp services are purchased separately and are not provided directly by T-Mobile. | C15: 29 | D15: WHATSAMC
A16: One-Time Charges | B16: Description | C16: One-Time Charge | D16: SOC
A17: Digital Safe: SFTP | B17: An automated process to push the recordings to the client using encrypted SFTP. This push would be in a CSV file which contains voice metadata and/or SMS metadata and SMS content. Associated media for voice content will be pushed separately. The records and media on Movius Cloud are then securely purged. The client is responsible for ensuring their archiving vendor can ingest the records. | C17: 2250 | D17: DSSFTP
A18: Digital Safe: API | B18: Movius has exposed APIs that allow a client to extract recordings on the Movius Platform. Recordings must be extracted within 72 hours. | C18: 2250 | D18: DSAPI
A19: SIPREC Call Recording | B19: Secure connection from Movius Cloud to Client Data Centre. Calls are streamed live to the Client DC – no recording or storage on Movius at all. In the event the live stream to Client DC fails for some reason, the actual call will be dropped to ensure a call will not occur if recording fails. | C19: 45500 | D19: SREC3
A20: ML IP Whitelisting | B20: Allow-listing of End User’s IP addresses for Movius Management Portal (MMP) admin access and API URLs. | C20: 12500 | D20: MLDLNK
A21: Direct Links Cost | B21: This is an annual charge that goes with the “SIPREC Call Recording” Add-on. Includes recurring costs for the connection from Movius to an agreed upon IBM Point of Presence and associated traffic charges. Billed annually. | C21: 12500 | D21: MLIPWL

Sheet Ooma & Marketspark
A1: State of Oklahoma Statewide Contract #1012
A2: POTS Solution: OOMA & MarketSpark
A3: Updated: December 2024
A7: Solution | B7: Description | C7: Additional Product Info | D7: Commercially Available Price per License/Month
B8: POTS Solution
A9: OOMA AirDial | B9: • POTS (Plain Old Telephone Service) replacement product for copper wire devices. • AirDial is setup, either on the wall or on a flat surface, where the landline connects to a PBX. • The analog connection will be replaced by a wireless connection provided by T-Mobile. • Supports up to four analog connections and contains Dual SIM slots. • Also has remote monitoring through an online portal, making it easy to view the status of AirDial devices at a glance. •AirDial services are provided on a month-to-month basis. | C9: N/A | D9: 39.95
A10: OOMA AirDial 3 Year 3GB | B10: • POTS (Plain Old Telephone Service) replacement product for copper wire devices. • AirDial is setup, either on the wall or on a flat surface, where the landline connects to a PBX. • The analog connection will be replaced by a wireless connection provided by T-Mobile. • Supports up to four analog connections and contains Dual SIM slots. • Also has remote monitoring through an online portal, making it easy to view the status of AirDial devices at a glance. | C10: 3 Year Term required | D10: 29.95
A11: OOMA AirDial 1 Year 3GB | B11: • POTS (Plain Old Telephone Service) replacement product for copper wire devices. • AirDial is setup, either on the wall or on a flat surface, where the landline connects to a PBX. • The analog connection will be replaced by a wireless connection provided by T-Mobile. • Supports up to four analog connections and contains Dual SIM slots. • Also has remote monitoring through an online portal, making it easy to view the status of AirDial devices at a glance. | C11: 1 Year Term required | D11: 34.95
A12: MarketSpark | B12: Turnkey Wireless POTS (Plain Old Telephone Service) solution, powered by MarketSpark to help Customers mitigate the problems associated with end-of-life copper by enabling them to leverage T-Mobile wireless service to maintain connectivity of legacy life-safety applications (fire panels, security alarms, elevators) with a fully managed, platform-based solution. | C12: MarketSpark Voice (elevator) | D12: 39
C13: MarketSpark Specialty (fire panel, alarm, modem, fax) | D13: 44
C14: MarketSpark Managed Service- Auto Attendant/IVR feature add-on | D14: 14
C15: MarketSpark Managed Service feature add-on | D15: 14

Sheet VastLocate
B1: T-Mobile Current Government Rate Plans
B2: VASTLocate
B3: Updated: December 2024
B4: State of Oklahoma Statewide Contract #1012
B5: VASTLocate Asset Tracking Product Description | C5: MRC | D5: One time Setup Fee
B6: VASTLocate is a suite of LTE enabled asset tracking products and devices that provide Customer with visibility to monitor its assets by enabling alerts to pinpoint and manage location of assets on a cloud-based portal. | C6: $5 /per license/per month | D6: $15/license

Sheet DialPad
A1: T-Mobile Current Government Rate Plans
A2: Dialpad
A3: Updated: December 2024
A4: State of Oklahoma Statewide Contract #1012
A6: Service or Feature | B6: Description | E6: Commercially Available Price per Line/Month
A7: DialPad Ai Voice
A8: Dialpad Talk - Ai Voice Standard | B8: One office; up to 3 departments. Includes Ai Meetings that has one-click video conferencing and live Ai transcriptions. | E8: 15
A9: Dialpad Talk – Ai Voice Pro | B9: Up to 10 offices; up to 25 departments, Includes Ai Meetings. Includes all standard features plus Salesforce/Slack integrations and more, customer off-hours routing and API & webhooks. | E9: 21
A10: Dialpad Talk – Ai Voice Enterprise | B10: Unlimited offices; Unlimited departments, Includes Ai Meetings Includes all of the value of the Pro plan plus 100% uptime, dial by extension, integrations with leading SSO providers (Okta, OneLogin), Azure AD SSO integration and data retention policies. | E10: 29
A11: Dialpad - Ai Contact Center
A12: Dialpad Contact Center – Ai Contact Center Pro | B12: Contact Center Main Line Number, Up to 25 Queues, Analytics and Reporting | E12: 63
A13: Dialpad Contact Center – Ai Contact Center Enterprise | B13: Contact Center Main Line Number, Unlimited Queues, Enterprise Customer SLA | E13: 84
A14: Dialpad - Ai Sales Center
A15: Dialpad Sell – Ai Sales Pro | B15: Coaching Groups, Voicemail Drop, Dedicated Direct Inward Dialing | E15: 80
A16: Dialpad Sell – Ai Sales Enterprise | B16: API Access for Analytics, Enterprise Customer SLA | E16: 101
A17: Add-On Services
A18: Ai Recap | B18: Conversational summaries of every AI-enabled call or meeting. Included with all products, all tiers. | E18: Included
A19: Local Number | B19: Add additional number to shared lines | E19: 5
A20: Fax Line | B20: Includes 1000 pages of faxes per month. Each additional fax page may be a charged up to $0.10 per page for U.S. faxes. This per page charge is subject to change. | E20: 10
A21: Toll Free Number | B21: Add a Toll-free number to shared lines, inbound $.02 per min | E21: 5
A22: Room Seat | B22: Add a room line | E22: 15
A23: Reserved Numbers (Numbers held but not used) | B23: Numbers held but not used | E23: 1
A24: Ai CSAT | B24: Automatically detects Customer Satisfaction (CSAT) scores from every customer interaction instead of relying on a handful of customers to complete traditional, post-call surveys. Available for Ai Sales & Ai Contact Center only. Quantity must match the number of purchased licenses. | E24: 10
A25: Ai Scorecard | B25: Custom and Templated Quality Assurance removes the manual legwork and ensures Sales Center calls are graded with an objective and actionable grading tool. Available for Ai Sales & Ai Contact Center only. Quantity must match the number of purchased licenses. | E25: 10
A26: Digital Engagement 1 Channel | B26: Enables omnichannel customer engagements - Choose 1 popular digital channel such as web chat, SMS, Facebook, Instagram, Twitter, and WhatsApp. Requires Professional Services from Dialpad to onboard. Available for Ai Sales & Ai Contact Center only. Quantity must match the number of purchased licenses. | E26: 35
A27: Digital Engagement All Channels | B27: Enables omnichannel customer engagements - Add all popular digital channels like web chat, SMS, Facebook, Instagram, Twitter, and WhatsApp. Requires Professional Services from Dialpad to onboard. Available for Ai Sales & Ai Contact Center only. Quantity must match the number of purchased licenses. | E27: 55
A28: Coaching Team | B28: Managers can monitor direct calls that their team members are on. Available for Ai Voice only. Quantity must match the number of purchased licenses. | E28: 20
A29: BI Add On | B29: Provides the power of a full-featured business intelligence tool directly on top of the Dialpad data. | E29: 10
A30: Global Unlimited | B30: Offers unlimited international calling with expansive coverage, spanning over many countries and territories worldwide. Dialpad does have a fair usage policy — the Global Unlimited Calling Add-on provides 1500 minutes per month, per license. Additional minutes will be paid via Calling Credits. Quantity must match the number of purchased licenses. | E30: 20
... A32: Local Presence: Comprehensive US Coverage | B32: Sales teams can leverage a bundle of area codes that match up with their territories throughout the US automatically. Requires 1 license for an office, not per account. May not be combined with Local Presence: Top 100 Metro Area. | E32: 500
A33: Local Presence: Top 100 Metro Areas | B33: Covers around 80% of the US population, focusing on the top 100 metro areas for localized communication strategies. Requires 1 license for an office, not per account. May not be combined with Local Presence: Top 100 Metro Area. | C33: Covers around 80% of the US population, focusing on the top 100 metro areas for localized communication strategies. | E33: 200
A35: A2P Dialpad Text Message Campaign Registry
A36: Type | B36: Monthly Fee (unless otherwise noted) | C36: Required For
A37: Brand Registration Fees
A38: Brand Application Fee | B38: $4.00 one-time fee | C38: All Customers
A39: Brand Vetting Fee | B39: $40.00 one-time fee | C39: • All Customers that required high-volume SMS campaigns • Businesses sending more than 2,000 messages per day to T-Mobile subscribers)
A40: Campaign Registration Fees
A41: Campaign Vetting Fee | B41: $15.00 one-time Fee | C41: All Customers
A42: Number Pooling | B42: $100.00 one-time Fee | C42: Customers with more than 49 numbers that send SMS
A43: Low Volume Campaign Fee - - UCaaS (conversational) or Mixed | B43: 1.5 | C43: For customers who only send low volume conversational type text messages or a low volume of varying types of messages
A44: High Volume - UCaaS (conversational) or Mixed | B44: 10 | C44: For customers who only send high volume conversational type text messages or a high volume of varying types of messages
A45: 2FA (Two Factor Authentication), Customer Care (Contact Center), Delivery Notifications, Fraud Alert Messaging, Higher Education, Marketing, Polling and Voting, Security Alert, M2M, Carrier Exemptions,Political, Social | B45: 10 | C45: Customers will only see this charge on their invoice if they select this as their sole use case during the registration process.
A46: Public Service Announcements Agents and Franchises | B46: 30 | C46: N/A
A47: Charity | B47: 3 | C47: N/A
A48: Emergency | B48: 5 | C48: N/A
A49: Dialpad Plan Type | B49: SMS (inbound) | C49: SMS (outbound) | D49: MMS (Inbound) | E49: MMS (Outbound)
A50: REGISTERED Users Per Message Rates
A51: Ai Voice (All licenses) 250 outbound msgs included per license | B51: No Charge | C51: 0.008 | D51: No Charge | E51: 0.024
A52: Ai Contact Center (All licenses) | B52: 0.008 | C52: 0.008 | D52: 0.024 | E52: 0.024
A53: Ai Sales (All licenses) | B53: 0.008 | C53: 0.008 | D53: 0.024 | E53: 0.024
A54: Group / Shared Lines | B54: 0.008 | C54: 0.008 | D54: 0.024 | E54: 0.024
A55: UNREGISTERED Users Per Message Rates
A56: Ai Voice (All licenses) | B56: No Charge | C56: 0.016 | D56: No Charge | E56: 0.048
A57: Ai Contact Center (All licenses) | B57: 0.016 | C57: 0.016 | D57: 0.048 | E57: 0.048
A58: Ai Sales (All licenses) | B58: 0.016 | C58: 0.016 | D58: 0.048 | E58: 0.048
A59: Group / Shared Lines | B59: 0.016 | C59: 0.016 | D59: 0.048 | E59: 0.048

Sheet Spireon
A1: T-Mobile Current Government Rate Plans
A2: Spireon
A3: Updated: December 2024
A4: State of Oklahoma Statewide Contract #1012
A5: Spireon FleetLocate Plan Name or Feature Description | B5: Monthly Cost (Net of discount) | C5: One time Cost Amount | D5: Description of One Time Fee
A6: Spireon FleetLocate FL360 LTE Standard | B6: 12 | C6: 50 | D6: Spireon Setup Fee
A7: Spireon FleetLocate FL360 LTE Gov Package | B7: 14 | C7: 50 | D7: Spireon Setup Fee
A8: Spireon FleetLocate FL360 LTE Standard w/HOS | B8: 17 | C8: 50 | D8: Spireon Setup Fee
A9: Spireon FleetLocate CamCoach | B9: 34.95 | C9: 250 | D9: Equipment Fee purchased through Spireon directly
A10: Spireon FleetLocate FL360 LTE Advanced w/HOS | B10: 25 | C10: 50 | D10: Spireon Setup Fee
A11: Spireon FleetLocate Trailer Gov Package | B11: 10.95 | C11: 75 | D11: Spireon Setup Fee
A12: Spireon FL Flex Battery Tracker | B12: 6.95 | C12: 65 | D12: Spireon Setup Fee / Equipment purchased through Spireon directly

Sheet MyDevices
A1: T-Mobile Current Government Rate Plans
A2: MyDevices
A3: Updated: December 2024
A4: State of Oklahoma Statewide Contract #1012
A5: Plan Name / Device / Feature Description | B5: Plan / Add On / Setup | C5: Monthly Cost
A6: myDevices Gateway - cellular enabled (opex) | B6: Plan | C6: 30
A7: myDevices Gateway - ethernet only (opex) | B7: Plan | C7: 20
A8: myDevices Gateway - cellular enabled (capex) | B8: Plan | C8: 15
A9: myDevices Gov Package | B9: Plan | C9: 4.5
A10: myDevices Gateway - ethernet only (capex) | B10: Plan | C10: 4.5
A11: myDevices Indoor/Outdoor Location Sensor (capex) | B11: Plan | C11: 5
A12: myDevices Energy Monitoring sensor (capex) | B12: Plan | C12: 4.5
A13: myDevices Temperature sensor (capex) | B13: Plan | C13: 4.5
A14: myDevices Temperature sensor with Data Logging | B14: Plan | C14: 4.5
A15: myDevices Temperature Probe sensor with Data Logging | B15: Plan | C15: 4.5
A16: myDevices 3-button satisfaction survey | B16: Plan | C16: 4.5
A17: myDevices 2 button satisfaction survey | B17: Plan | C17: 4.5
... A42: myDevices – Optional Setup Fee (Large) - One Time Charge | B42: Setup | C42: 1000
A44: Push Button Alert System - Plan Name | B44: Plan / Add On / Setup | C44: Monthly Recurring Charge/License (Unless otherwise indicated)
A45: myDevices – Optional Setup Fee (Small) - One Time Charge | B45: One Time Setup | C45: 500
A46: myDevices – Optional Setup Fee (Large) - One Time Charge | B46: One Time Setup | C46: 1000
A47: MD Gateway CapEx | B47: Plan | C47: 15
A48: MD Push Button CapEx | B48: Add-On | C48: 5

Sheet Control Center
A1: T-Mobile Current Government Rate Plans
A2: IOT Control Center
A3: Updated: December 2024
A4: State of Oklahoma Statewide Contract #1012
A5: Price Plan Components* | B5: 1 MB Pooled Price Plan | C5: 10 MB Pooled Price Plan | D5: 250 MB Pooled Price Plan | E5: 500 MB Pooled Price Plan | F5: 1 GB Pooled Price Plan | G5: 2 GB Pooled Price Plan | H5: 5 GB Pooled Price Plan | I5: 10 GB Pooled Price Plan | J5: 25 GB Pooled Price Plan | K5: 50 GB Pooled Price Plan | L5: 75 GB Pooled Price Plan | M5: 100 GB Pooled Price Plan | N5: First Responders Plan 13**
A6: MRC | B6: 1 | C6: 1.5 | D6: 3.25 | E6: 5.25 | F6: 8 | G6: 10 | H6: 22.5 | I6: 43 | J6: 100 | K6: 192.5 | L6: 273.75 | M6: 350 | N6: 33.6
A7: Pooled IAS Usage Allowance | B7: 1 MB | C7: 10 MB | D7: 250 MB | E7: 500 MB | F7: 1 GB | G7: 2 GB | H7: 5 GB | I7: 10 GB | J7: 25 GB | K7: 50 GB | L7: 75 GB | M7: 100 GB | N7: Unlimited (on net)
A8: Overage Rate Per MB | B8: 0.1 | C8: 0.05 | D8: 0.025 | E8: 0.015 | F8: 0.0125 | G8: 0.01 | H8: 0.01 | I8: 0.01 | J8: 0.01 | K8: 0.01 | L8: 0.01 | M8: 0.01 | N8: N/A
A9: T-Mobile Network Per SMS Rate | B9: 0.01 | C9: 0.01 | D9: 0.01 | E9: 0.01 | F9: 0.01 | G9: 0.01 | H9: 0.01 | I9: 0.01 | J9: 0.01 | K9: 0.01 | L9: 0.01 | M9: 0.01 | N9: N/A
A10: T-Mobile Network Per MOU Rate | B10: 0.03 | C10: 0.03 | D10: 0.03 | E10: 0.03 | F10: 0.03 | G10: 0.03 | H10: 0.03 | I10: 0.03 | J10: 0.03 | K10: 0.03 | L10: 0.03 | M10: 0.03 | N10: N/A
A11: Domestic Roaming Per MB Rate | B11: 0.1 | C11: 0.05 | D11: 0.025 | E11: 0.025 | F11: 0.025 | G11: 0.025 | H11: 0.025 | I11: 0.025 | J11: 0.025 | K11: 0.025 | L11: 0.025 | M11: 0.025 | N11: N/A
A12: Domestic Roaming Per SMS Rate | B12: 0.01 | C12: 0.01 | D12: 0.01 | E12: 0.01 | F12: 0.01 | G12: 0.01 | H12: 0.01 | I12: 0.01 | J12: 0.01 | K12: 0.01 | L12: 0.01 | M12: 0.01 | N12: N/A
A13: Domestic Roaming Per MOU Rate | B13: 0.03 | C13: 0.03 | D13: 0.03 | E13: 0.03 | F13: 0.03 | G13: 0.03 | H13: 0.03 | I13: 0.03 | J13: 0.03 | K13: 0.03 | L13: 0.03 | M13: 0.03 | N13: N/A
A15: First Responder Advantage Flex Pooled Plans (Plan 14)**
A16: Price Plan Components | B16: Advantage Pooled Price Plan 1 | C16: Advantage Pooled Price Plan 2 | D16: Advantage Pooled Price Plan 3 | E16: Advantage Pooled Price Plan 4
A17: MRC | B17: 5 | C17: 10 | D17: 22 | E17: 33.6
A18: Pooled IAS Usage Allowance | B18: 400 MB | C18: 1.5 GB | D18: 4 GB | E18: Unlimited
A19: Overage Rate Per MB | B19: $0.10 per MB | C19: $0.10 per MB | D19: $0.01 per MB | E19: N/A
A20: T-Mobile Network Per SMS Rate | B20: $0.01 per SMS | C20: $0.01 per SMS | D20: $0.01 per SMS | E20: $0.01 per SMS
A21: T-Mobile Network Per MOU Rate | B21: $0.03 per MOU | C21: $0.03 per MOU | D21: $0.03 per MOU | E21: $0.03 per MOU
A22: Domestic Roaming Per MB Rate | B22: =B19 -> $0.10 per MB | C22: =C19 -> $0.10 per MB | D22: $0.025 per MB | E22: N/A
A23: Domestic Roaming Per SMS Rate | B23: $0.01 per SMS | C23: $0.01 per SMS | D23: $0.01 per SMS | E23: N/A
A24: Domestic Roaming Per MOU Rate | B24: $0.03 per MOU | C24: $0.03 per MOU | D24: $0.03 per MOU | E24: N/A
A25: * Free PAPN for control center T-Mobile will provide one Private APN to Customer at no cost. Any additional PAPN's provided to Customer may be subject to additional cost subject to written confirmation between Customer and TMUS
A26: **First Responder Plan 13 & First Responder Plan 14 are for first responders only, approval required; Specific Terms/Conditions of Use apply (see below); Requires Customer's acceptance of T-Mobile Services Addendum and IoT Services Annex to purchase.
A28: Smart Lighting Control Plan
A29: Price Plan Components | B29: Pooled Price Plan*
A30: MRC | B30: 0.17
A31: Pooled IAS Usage Allowance | B31: 500 KB
A32: Overage Rate Per KB | B32: $0.0025 per KB
A33: On-Net Per SMS Rate | B33: N/A
A34: On-Net Per MOU Rate | B34: N/A
A35: Off-Net Rates
A36: Off-Net Per KB Rate | B36: $0.0025 per KB
A37: Off-Net Per SMS Rate | B37: N/A
A38: Off-Net Per MOU Rate | B38: N/A
A39: *Plan must be on an Essentials account, Data usage billed at the KB level, No activation fees, Term: 3 years, Additional pricing is required for items not listed above such as: SIMs, Advanced Onboarding, Static IPVs.

Sheet Retired Plans (for ref only)
D1: Contract Discount
D2: 0.16
A3: Service or Feature | B3: Description | C3: Commercially Available Price per Line/Month | D3: Monthly Recurring Cost/Line (After Eligible Contract Discount) | E3: AVD Eligible? | F3: SOC | G3: Date Retired | H3: Internal Notes Only
A4: (Retire) Government Home Office Internet | B4: • Available in select areas. Check employee address list for availability. • Reliable, high-speed internet to government home offices across America. • No data caps and no additional hardware costs (return gateway to avoid non-return fee) • Includes T-Mobile 4G/5G Nokia Gateway Router device • Security and productivity filtering blocks select content. See Sales Rep or T-Mobile.com/filtering for content filtering options and details. • During congestion, Government Home Office Internet customers may notice speeds lower than other customers due to data prioritization. • Customer will need to sign an addendum with additional terms & conditions. | C4: 90 | D4: =IF(E4="Yes",(C4-(C4*'Current Rate Plans'!$D$5)),C4) -> 76.5 | E4: Yes | F4: GOVWFHITE | H4: Retire
B5: Emergency Broadband Benefit Program (EBB) (Expired)
A6: EBB - (Retired/Expired), Simple Choice North America, 10GB MI Gov | B6: Expired | C6: 0 | D6: =IF(E6="Yes",(C6-(C6*'Current Rate Plans'!$D$5)),C6) -> 0 | E6: No | F6: GEBBMI10G + TFGEBB | H6: Retire, Program has Expired
A7: Gov EBB (Retired/Expired), Magenta Plus Tablet w/ 20GB of High Speed Hotspot Data | B7: • For eligible households only, approval required. • Includes unlimited High Speed tablet data on our network. • No data overages. • Plus data in Mexico and Canada with up to 5GB of High Speed at no extra charge. • Unlimited data at 2G speeds almost everywhere else in the world • Video typically streams on smartphone/tablet in SD quality (480p). • 20GB of High Speed mobile hotspot, then at max 3G speeds after that • During congestion, customers using >50GB/mo. may notice reduced speeds until next bill cycle due to data prioritization | C7: 0 | D7: =IF(E7="Yes",(C7-(C7*'Current Rate Plans'!$D$5)),C7) -> 0 | E7: No | F7: GEBBTB20G + TFGEBB | H7: Retire, Program has Expired
A8: Geotab Pro Plus (Xtended) plan for Government TE | B8: •The ProPlus plan offers the greatest functionality, including Active Tracking, a lifetime warranty, and premium services including Electric Vehicles. •Unlimited Data (512 kbps speed) •Canada and Mexico roaming (all other Simple Global countries blocked) •Unlimited domestic roaming •Device is eligible for EIP | C8: 35 | D8: 35 | E8: No | F8: GGEOPRXTE | G8: 45350
A9: Geotab Public Works plan for Government TE | B9: •Standard Public Works* solution requires: GO9 and T-Harness. •The Winter Operations solution requires: GO9, T-Harness, and IOX-WRKS Cable (TMO). •Unlimited Data (512 kbps speed) •Canada and Mexico roaming (all other Simple Global countries blocked) •Unlimited domestic roaming •Device is eligible for EIP | C9: 37 | D9: 37 | E9: No | F9: GGEOPWSTE | G9: 45350
A10: Government Unlimited for Phones | B10: • Unlimited talk, text, and data on our advanced network with no data overages. • Includes 5G access with capable device. • Scam Shield™ app. with Scam ID and Scam Block. • Call, text, and use up to 5GB of High Speed data in Mexico and Canada. • Unlimited texting and 2G data roaming in more than 210 countries and destinations • Unlimited domestic data roaming and unlimited video streaming in SD quality • 11GB of High Speed hotspot data (with unlimited max 3G hotspot speeds thereafter) • Texting and a free hour of Wi-Fi on Gogo®-enabled flights • During congestion, a small fraction of customers using >50GB/mo. may notice reduced speeds until next bill cycle due to data prioritization. Video typically streams on smartphone/tablet in SD quality (480p) unless you enable HD Video (1080p). | C10: 29 | D10: =IF(E10="Yes",(C10-(C10*'Current Rate Plans'!$D$5)),C10) -> 24.65 | E10: Yes | F10: GOVUNL100 | G10: 45343

Sheet Old Solutions
A3: Plan Name / Device / Feature Description | B3: Monthly Cost | C3: Discount % | D3: Net Cost | E3: Setup Fee | F3: Setup Fee Description
A4: GoCanvas Business | B4: 25 | C4: 0.04 | D4: 24 | E4: N/A | F4: N/A
A5: GoCanvas Professional | B5: 35 | C5: 0.04 | D5: 33.6 | E5: N/A | F5: N/A
A6: doForms Standard | B6: 10 | C6: 0.005 | D6: 9.95 | E6: N/A | F6: N/A
A7: doForms Advanced | B7: 15 | C7: 0.00333 | D7: 14.95 | E7: N/A | F7: N/A
A8: doForms Premium | B8: 20 | C8: 0.0025 | D8: 19.95 | E8: N/A | F8: N/A
A9: Encore Classic | B9: 10 | C9: 0.1 | D9: 9 | E9: N/A | F9: N/A
A10: Encore Essentials | B10: 15 | C10: 0.1 | D10: 13.5 | E10: N/A | F10: N/A
A11: Encore Ultimatee | B11: 20 | C11: 0.1 | D11: 18 | E11: N/A | F11: N/A
A12: Encore Vault EVV | B12: 8 | C12: 0.1 | D12: 7.2 | E12: N/A | F12: N/A
A13: Encore Vault EVV +Time | B13: 12 | C13: 0.1 | D13: 10.8 | E13: N/A | F13: N/A
A14: Encore Vault Classic | B14: 15 | C14: 0.1 | D14: 13.5 | E14: N/A | F14: N/A
A15: Encore Vault Essentials | B15: 20 | C15: 0.1 | D15: 18 | E15: N/A | F15: N/A
... A17: Enccore GPS Add-On | B17: 5 | C17: 0.1 | D17: 4.5 | E17: N/A | F17: N/A
A18: VM Ware - Providees Vmware Workspace <=10 licenses | B18: 3.78 | C18: 0 | D18: 3.78 | E18: 2000 | F18: This is a one time setup cost for basic Vmware Workspace One.
A19: VM Ware - Providees Vmware Workspace 11 to 100 licenses | B19: 3.6855 | C19: 0 | D19: 3.6855 | E19: 2000 | F19: This is a one time setup cost for basic Vmware Workspace One.
A20: VM Ware - Providees Vmware Workspace 101 to 500 licenses | B20: 3.591 | C20: 0 | D20: 3.591 | E20: 2000 | F20: This is a one time setup cost for basic Vmware Workspace One.
A21: VM Ware - Providees Vmware Workspace 501 to 1000 licenses | B21: 3.4965 | C21: 0 | D21: 3.4965 | E21: 2000 | F21: This is a one time setup cost for basic Vmware Workspace One.
A22: IBM MaaS360 Essentials Suite - 10 Licenses or less | B22: 4 | C22: 0 | D22: 4 | E22: 299 | F22: Setup fee for IBM Maas360 for 1-99 lines
A23: IBM MaaS360 Essentials Suite - 11-100 Licenses or less | B23: 3.9 | C23: 0 | D23: 3.9 | E23: 299 | F23: Setup fee for IBM Maas360 for 1-99 lines
A24: IBM MaaS360 Essentials Suite - 101-500 Licenses or less | B24: 3.8 | C24: 0 | D24: 3.8 | E24: N/A | F24: N/A
A25: IBM MaaS360 Essentials Suite - 501-1000 Licenses or less | B25: 3.7 | C25: 0 | D25: 3.7 | E25: N/A | F25: N/A
A28: DISCLAIMERS: GoCanvas doForms Encore VMWare IBM Maas360

Sheet Subsidy 2.0 Plans - DON'T USE
A9: Service or Feature | B9: Description | C9: Commercially Available Price per Line/Month | D9: Monthly Recurring Cost/Line (After Eligible Contract Discount) | E9: AVD Eligible? | F9: SOC | G9: Notes for Summaries
A10: Government Unlimited Tablet 2.0 Subsidy Level 1 w/11GB Hotspot | B10: • Unlimited texting and 4G LTE data on our advanced network with no data overages. • 11GB of 4G LTE hotspot data (with unlimited max 3G hotspot speeds thereafter) • Texting and up to 5GB of 4G LTE data in Mexico and Canada. Plus • Unlimited texting and 2G data roaming in 210+ countries and destinations • Unlimited video streaming at DVD quality • During congestion, a small fraction of customers using >50GB/mo. may notice reduced speeds until next bill cycle due to data prioritization. • Video typically streams on smartphone/tablet at DVD quality (480p) • Subsidy plans include part or all of the cost of a phone in the monthly charge, and a service agreement is required. If you cancel service, you may be charged a pro rata subsidy repayment. • Coverage not available in some areas. | C10: 35 | D10: =IF(E10="Yes",(C10-(C10*'Current Rate Plans'!$D$5)),C10) -> 29.75 | E10: Yes | F10: G11HTBSB1
A11: Government Unlimited Tablet 2.0 Subsidy Level 2 w/11GB Hotspot | B11: • Unlimited texting and 4G LTE data on our advanced network with no data overages. • 11GB of 4G LTE hotspot data (with unlimited max 3G hotspot speeds thereafter) • Texting and up to 5GB of 4G LTE data in Mexico and Canada. Plus • Unlimited texting and 2G data roaming in 210+ countries and destinations • Unlimited video streaming at DVD quality • During congestion, a small fraction of customers using >50GB/mo. may notice reduced speeds until next bill cycle due to data prioritization. • Video typically streams on smartphone/tablet at DVD quality (480p) • Subsidy plans include part or all of the cost of a phone in the monthly charge, and a service agreement is required. If you cancel service, you may be charged a pro rata subsidy repayment. • Coverage not available in some areas. | C11: 47 | D11: =IF(E11="Yes",(C11-(C11*'Current Rate Plans'!$D$5)),C11) -> 39.95 | E11: Yes | F11: G11HTBSB2
A12: Government Unlimited Tablet 2.0 Subsidy Level 3 w/11GB Hotspot | B12: • Unlimited texting and 4G LTE data on our advanced network with no data overages. • 11GB of 4G LTE hotspot data (with unlimited max 3G hotspot speeds thereafter) • Texting and up to 5GB of 4G LTE data in Mexico and Canada. Plus • Unlimited texting and 2G data roaming in 210+ countries and destinations • Unlimited video streaming at DVD quality • During congestion, a small fraction of customers using >50GB/mo. may notice reduced speeds until next bill cycle due to data prioritization. • Video typically streams on smartphone/tablet at DVD quality (480p) • Subsidy plans include part or all of the cost of a phone in the monthly charge, and a service agreement is required. If you cancel service, you may be charged a pro rata subsidy repayment. • Coverage not available in some areas. | C12: 59 | D12: =IF(E12="Yes",(C12-(C12*'Current Rate Plans'!$D$5)),C12) -> 50.15 | E12: Yes | F12: G11HTBSB3
A13: Government Unlimited Tablet 2.0 Subsidy Level 1 w/21GB Hotspot | B13: • Unlimited texting and 4G LTE data on our advanced network with no data overages. • 21GB of 4G LTE hotspot data (with unlimited max 3G hotspot speeds thereafter) • Texting and up to 5GB of 4G LTE data in Mexico and Canada. Plus • Unlimited texting and 2G data roaming in 210+ countries and destinations • Unlimited video streaming at DVD quality • During congestion, a small fraction of customers using >50GB/mo. may notice reduced speeds until next bill cycle due to data prioritization. • Video typically streams on smartphone/tablet at DVD quality (480p) • Subsidy plans include part or all of the cost of a phone in the monthly charge, and a service agreement is required. If you cancel service, you may be charged a pro rata subsidy repayment. • Coverage not available in some areas. | C13: 47 | D13: =IF(E13="Yes",(C13-(C13*'Current Rate Plans'!$D$5)),C13) -> 39.95 | E13: Yes | F13: G21HTBSB1
A14: Government Unlimited Tablet 2.0 Subsidy Level 2 w/21GB Hotspot | B14: • Unlimited texting and 4G LTE data on our advanced network with no data overages. • 21GB of 4G LTE hotspot data (with unlimited max 3G hotspot speeds thereafter) • Texting and up to 5GB of 4G LTE data in Mexico and Canada. Plus • Unlimited texting and 2G data roaming in 210+ countries and destinations • Unlimited video streaming at DVD quality • During congestion, a small fraction of customers using >50GB/mo. may notice reduced speeds until next bill cycle due to data prioritization. • Video typically streams on smartphone/tablet at DVD quality (480p) • Subsidy plans include part or all of the cost of a phone in the monthly charge, and a service agreement is required. If you cancel service, you may be charged a pro rata subsidy repayment. • Coverage not available in some areas. | C14: 59 | D14: =IF(E14="Yes",(C14-(C14*'Current Rate Plans'!$D$5)),C14) -> 50.15 | E14: Yes | F14: G21HTBSB2
A15: Government Unlimited Tablet 2.0 Subsidy Level 3 w/21GB Hotspot | B15: • Unlimited texting and 4G LTE data on our advanced network with no data overages. • 21GB of 4G LTE hotspot data (with unlimited max 3G hotspot speeds thereafter) • Texting and up to 5GB of 4G LTE data in Mexico and Canada. Plus • Unlimited texting and 2G data roaming in 210+ countries and destinations • Unlimited video streaming at DVD quality • During congestion, a small fraction of customers using >50GB/mo. may notice reduced speeds until next bill cycle due to data prioritization. • Video typically streams on smartphone/tablet at DVD quality (480p) • Subsidy plans include part or all of the cost of a phone in the monthly charge, and a service agreement is required. If you cancel service, you may be charged a pro rata subsidy repayment. • Coverage not available in some areas. | C15: 71 | D15: =IF(E15="Yes",(C15-(C15*'Current Rate Plans'!$D$5)),C15) -> 60.35 | E15: Yes | F15: G21HTBSB3
A16: Government Unlimited Tablet 2.0 Subsidy Level 1 w/31GB Hotspot | B16: • Unlimited texting and 4G LTE data on our advanced network with no data overages. • 31GB of 4G LTE hotspot data (with unlimited max 3G hotspot speeds thereafter) • Texting and up to 5GB of 4G LTE data in Mexico and Canada. Plus • Unlimited texting and 2G data roaming in 210+ countries and destinations • Unlimited video streaming at DVD quality • During congestion, a small fraction of customers using >50GB/mo. may notice reduced speeds until next bill cycle due to data prioritization. • Video typically streams on smartphone/tablet at DVD quality (480p) • Subsidy plans include part or all of the cost of a phone in the monthly charge, and a service agreement is required. If you cancel service, you may be charged a pro rata subsidy repayment. • Coverage not available in some areas. | C16: 53 | D16: =IF(E16="Yes",(C16-(C16*'Current Rate Plans'!$D$5)),C16) -> 45.05 | E16: Yes | F16: G31HTBSB1
A17: Government Unlimited Tablet 2.0 Subsidy Level 2 w/31GB Hotspot | B17: • Unlimited texting and 4G LTE data on our advanced network with no data overages. • 31GB of 4G LTE hotspot data (with unlimited max 3G hotspot speeds thereafter) • Texting and up to 5GB of 4G LTE data in Mexico and Canada. Plus • Unlimited texting and 2G data roaming in 210+ countries and destinations • Unlimited video streaming at DVD quality • During congestion, a small fraction of customers using >50GB/mo. may notice reduced speeds until next bill cycle due to data prioritization. • Video typically streams on smartphone/tablet at DVD quality (480p) • Subsidy plans include part or all of the cost of a phone in the monthly charge, and a service agreement is required. If you cancel service, you may be charged a pro rata subsidy repayment. • Coverage not available in some areas. | C17: 65 | D17: =IF(E17="Yes",(C17-(C17*'Current Rate Plans'!$D$5)),C17) -> 55.25 | E17: Yes | F17: G31HTBSB2
A18: Government Unlimited Tablet 2.0 Subsidy Level 3 w/31GB Hotspot | B18: • Unlimited texting and 4G LTE data on our advanced network with no data overages. • 31GB of 4G LTE hotspot data (with unlimited max 3G hotspot speeds thereafter) • Texting and up to 5GB of 4G LTE data in Mexico and Canada. Plus • Unlimited texting and 2G data roaming in 210+ countries and destinations • Unlimited video streaming at DVD quality • During congestion, a small fraction of customers using >50GB/mo. may notice reduced speeds until next bill cycle due to data prioritization. • Video typically streams on smartphone/tablet at DVD quality (480p) • Subsidy plans include part or all of the cost of a phone in the monthly charge, and a service agreement is required. If you cancel service, you may be charged a pro rata subsidy repayment. • Coverage not available in some areas. | C18: 76 | D18: =IF(E18="Yes",(C18-(C18*'Current Rate Plans'!$D$5)),C18) -> 64.6 | E18: Yes | F18: G31HTBSB3
A19: Government Unlimited Tablet 2.0 Subsidy Level 1 w/41GB Hotspot | B19: • Unlimited texting and 4G LTE data on our advanced network with no data overages. • 41GB of 4G LTE hotspot data (with unlimited max 3G hotspot speeds thereafter) • Texting and up to 5GB of 4G LTE data in Mexico and Canada. Plus • Unlimited texting and 2G data roaming in 210+ countries and destinations • Unlimited video streaming at DVD quality • During congestion, a small fraction of customers using >50GB/mo. may notice reduced speeds until next bill cycle due to data prioritization. • Video typically streams on smartphone/tablet at DVD quality (480p) • Subsidy plans include part or all of the cost of a phone in the monthly charge, and a service agreement is required. If you cancel service, you may be charged a pro rata subsidy repayment. • Coverage not available in some areas. | C19: 65 | D19: =IF(E19="Yes",(C19-(C19*'Current Rate Plans'!$D$5)),C19) -> 55.25 | E19: Yes | F19: G41HTBSB1
A20: Government Unlimited Tablet 2.0 Subsidy Level 2 w/41GB Hotspot | B20: • Unlimited texting and 4G LTE data on our advanced network with no data overages. • 41GB of 4G LTE hotspot data (with unlimited max 3G hotspot speeds thereafter) • Texting and up to 5GB of 4G LTE data in Mexico and Canada. Plus • Unlimited texting and 2G data roaming in 210+ countries and destinations • Unlimited video streaming at DVD quality • During congestion, a small fraction of customers using >50GB/mo. may notice reduced speeds until next bill cycle due to data prioritization. • Video typically streams on smartphone/tablet at DVD quality (480p) • Subsidy plans include part or all of the cost of a phone in the monthly charge, and a service agreement is required. If you cancel service, you may be charged a pro rata subsidy repayment. • Coverage not available in some areas. | C20: 76 | D20: =IF(E20="Yes",(C20-(C20*'Current Rate Plans'!$D$5)),C20) -> 64.6 | E20: Yes | F20: G41HTBSB2
A21: Government Unlimited Tablet 2.0 Subsidy Level 3 w/41GB Hotspot | B21: • Unlimited texting and 4G LTE data on our advanced network with no data overages. • 41GB of 4G LTE hotspot data (with unlimited max 3G hotspot speeds thereafter) • Texting and up to 5GB of 4G LTE data in Mexico and Canada. Plus • Unlimited texting and 2G data roaming in 210+ countries and destinations • Unlimited video streaming at DVD quality • During congestion, a small fraction of customers using >50GB/mo. may notice reduced speeds until next bill cycle due to data prioritization. • Video typically streams on smartphone/tablet at DVD quality (480p) • Subsidy plans include part or all of the cost of a phone in the monthly charge, and a service agreement is required. If you cancel service, you may be charged a pro rata subsidy repayment. • Coverage not available in some areas. | C21: 88 | D21: =IF(E21="Yes",(C21-(C21*'Current Rate Plans'!$D$5)),C21) -> 74.8 | E21: Yes | F21: G41HTBSB3
... A33: First Responder Unlimited Tablet 2.0 Subsidy Level 3 w/41GB hotspot | B33: • Unlimited texting and 4G LTE data on our advanced network with no data overages. • 41GB of 4G LTE hotspot data (with unlimited max 3G hotspot speeds thereafter) • Texting and up to 5GB of 4G LTE data in Mexico and Canada. Plus • Unlimited texting and 2G data roaming in 210+ countries and destinations • Unlimited video streaming at DVD quality • Subsidy plans include part or all of the cost of a phone in the monthly charge, and a service agreement is required. If you cancel service, you may be charged a pro rata subsidy repayment. • Coverage not available in some areas. | C33: 93 | D33: =IF(E33="Yes",(C33-(C33*'Current Rate Plans'!$D$5)),C33) -> 79.05 | E33: Yes | F33: GFR41TSB3

Sheet Removed
A1: T-Mobile Removed Government Rate Plans
A2: Updated: September 2020
D4: Contract Discount
D5: 0.16
A6: Service or Feature | B6: Description | C6: Commercially Available Price per Line/Month | D6: Monthly Recurring Cost/Line (After Eligible Contract Discount) | E6: SOC
A7: Government Unlimited Mobile Internet for Tablets w/11GB Hotspot; Device Subsidy Level 1 | B7: Unlimited 4G LTE high-speed data, Unlimited Messaging - 11GB of 4G LTE Smartphone Mobile Hotspot (reduced to 3G after the bucket is used)DSL1 - Simple Global - Optimized video streaming at 480p - Stateside International Unlimited Texting - Mobile Without Borders - Domestic data roaming; For use with tablets/iPads only | C7: 35 | D7: =C7*SUM(1-$D$5) -> 29.4 | E7: G11HTBSB1
A8: Government Unlimited Mobile Internet for Tablets w/11GB Hotspot; Device Subsidy Level 2 | B8: Unlimited 4G LTE high-speed data, Unlimited Messaging - 11GB of 4G LTE Smartphone Mobile Hotspot (reduced to 3G after the bucket is used)DSL2 - Simple Global - Optimized video streaming at 480p - Stateside International Unlimited Texting - Mobile Without Borders - Domestic data roaming; For use with tablets/iPads only | C8: 47 | D8: =C8*SUM(1-$D$5) -> 39.48 | E8: G11HTBSB2
A9: Government Unlimited Mobile Internet for Tablets w/11GB Hotspot; Device Subsidy Level 3 | B9: Unlimited 4G LTE high-speed data, Unlimited Messaging - 11GB of 4G LTE Smartphone Mobile Hotspot (reduced to 3G after the bucket is used)DSL3 - Simple Global - Optimized video streaming at 480p - Stateside International Unlimited Texting - Mobile Without Borders - Domestic data roaming; For use with tablets/iPads only | C9: 59 | D9: =C9*SUM(1-$D$5) -> 49.56 | E9: G11HTBSB3
A10: Government Unlimited Mobile Internet for Tablets w/21GB Hotspot; Device Subsidy Level 1 | B10: Unlimited 4G LTE high-speed data, Unlimited Messaging - 21GB of 4G LTE Smartphone Mobile Hotspot (reduced to 3G after the bucket is used)DSL1 - Simple Global - Optimized video streaming at 480p - Stateside International Unlimited Texting - Mobile Without Borders - Domestic data roaming; For use with tablets/iPads only | C10: 47 | D10: =C10*SUM(1-$D$5) -> 39.48 | E10: G21HTBSB1
A11: Government Unlimited Mobile Internet for Tablets w/21GB Hotspot; Device Subsidy Level 2 | B11: Unlimited 4G LTE high-speed data, Unlimited Messaging - 21GB of 4G LTE Smartphone Mobile Hotspot (reduced to 3G after the bucket is used)DSL2 - Simple Global - Optimized video streaming at 480p - Stateside International Unlimited Texting - Mobile Without Borders - Domestic data roaming; For use with tablets/iPads only | C11: 59 | D11: =C11*SUM(1-$D$5) -> 49.56 | E11: G21HTBSB2
A12: Government Unlimited Mobile Internet for Tablets w/21GB Hotspot; Device Subsidy Level 3 | B12: Unlimited 4G LTE high-speed data, Unlimited Messaging - 21GB of 4G LTE Smartphone Mobile Hotspot (reduced to 3G after the bucket is used)DSL3 - Simple Global - Optimized video streaming at 480p - Stateside International Unlimited Texting - Mobile Without Borders - Domestic data roaming; For use with tablets/iPads only | C12: 71 | D12: =C12*SUM(1-$D$5) -> 59.64 | E12: G21HTBSB3
A13: Government Unlimited Mobile Internet for Tablets w/31GB Hotspot; Device Subsidy Level 1 | B13: Unlimited 4G LTE high-speed data, Unlimited Messaging - 31GB of 4G LTE Smartphone Mobile Hotspot (reduced to 3G after the bucket is used)DSL1 - Simple Global - Optimized video streaming at 480p - Stateside International Unlimited Texting - Mobile Without Borders - Domestic data roaming; For use with tablets/iPads only | C13: 53 | D13: =C13*SUM(1-$D$5) -> 44.52 | E13: GP31HTSB1
A14: Government Unlimited Mobile Internet for Tablets w/31GB Hotspot; Device Subsidy Level 2 | B14: Unlimited 4G LTE high-speed data, Unlimited Messaging - 31GB of 4G LTE Smartphone Mobile Hotspot (reduced to 3G after the bucket is used)DSL2- Simple Global - Optimized video streaming at 480p - Stateside International Unlimited Texting - Mobile Without Borders - Domestic data roaming; For use with tablets/iPads only | C14: 65 | D14: =C14*SUM(1-$D$5) -> 54.6 | E14: GP31HTSB2
A15: Government Unlimited Mobile Internet for Tablets w/31GB Hotspot; Device Subsidy Level 3 | B15: Unlimited 4G LTE high-speed data, Unlimited Messaging - 31GB of 4G LTE Smartphone Mobile Hotspot (reduced to 3G after the bucket is used) DSL3- Simple Global - Optimized video streaming at 480p - Stateside International Unlimited Texting - Mobile Without Borders - Domestic data roaming; For use with tablets/iPads only | C15: 76 | D15: =C15*SUM(1-$D$5) -> 63.84 | E15: GP31HTSB3
A16: Government Unlimited Mobile Internet for Tablets w/41GB Hotspot; Device Subsidy Level 1 | B16: Unlimited 4G LTE high-speed data, Unlimited Messaging - 41GB of 4G LTE Smartphone Mobile Hotspot (reduced to 3G after the bucket is used)DSL1 - Simple Global - Optimized video streaming at 480p - Stateside International Unlimited Texting - Mobile Without Borders - Domestic data roaming; For use with tablets/iPads only | C16: 65 | D16: =C16*SUM(1-$D$5) -> 54.6 | E16: GP41HTSB1
A17: Government Unlimited Mobile Internet for Tablets w/41GB Hotspot; Device Subsidy Level 2 | B17: Unlimited 4G LTE high-speed data, Unlimited Messaging - 41GB of 4G LTE Smartphone Mobile Hotspot (reduced to 3G after the bucket is used)DSL2 - Simple Global - Optimized video streaming at 480p - Stateside International Unlimited Texting - Mobile Without Borders - Domestic data roaming; For use with tablets/iPads only | C17: 76 | D17: =C17*SUM(1-$D$5) -> 63.84 | E17: GP41HTSB2
A18: Government Unlimited Mobile Internet for Tablets w/41GB Hotspot; Device Subsidy Level 3 | B18: Unlimited 4G LTE high-speed data, Unlimited Messaging - 41GB of 4G LTE Smartphone Mobile Hotspot (reduced to 3G after the bucket is used)DSL3 - Simple Global - Optimized video streaming at 480p - Stateside International Unlimited Texting - Mobile Without Borders - Domestic data roaming; For use with tablets/iPads only | C18: 88 | D18: =C18*SUM(1-$D$5) -> 73.92 | E18: GP41HTSB3
... A21: First Responder Unlimited for Phones w/Device Subsidy 2.0 Level 3 | B21: Unlimited talk, text, & 4G LTE data; Unlimited domestic roaming; Optimized video streaming at 480p ; 11GB of 4G LTE Smartphone Mobile Hotspot (Unlimited 3G after the bucket is used)DSL3; Stateside International Unlimited Texting; Simple Global; Mobile Without Borders (No cap); Gogo in-flight 1 hour (unlimited flights); Not Subject to the fair usage prioritization threshold | C21: 69 | D21: =C21*SUM(1-$D$5) -> 57.96 | E21: GFRSUBL3
A22: First Responder Data Plans
A23: First Responder Unlimited 4G LTE Mobile Internet for Tablets w/11GB Hotspot; Device Subsidy 2.0 Level 1 | B23: Unlimited 4G LTE high-speed data, Unlimited Messaging - 11GB of 4G LTE Smartphone Mobile Hotspot (reduced to 3G after the bucket is used)DSL1 - Simple Global - Optimized video streaming at 480p - Stateside International Unlimited Texting - Mobile Without Borders - Domestic data roaming; For use with tablets/iPads only; Not Subject to the fair usage prioritization threshold | C23: 40 | D23: =C23*SUM(1-$D$5) -> 33.6 | E23: GFR11TSB1
A24: First Responder Unlimited 4G LTE Mobile Internet for Tablets w/11GB Hotspot; Device Subsidy 2.0 Level 2 | B24: Unlimited 4G LTE high-speed data, Unlimited Messaging - 11GB of 4G LTE Smartphone Mobile Hotspot (reduced to 3G after the bucket is used)DSL2 - Simple Global - Optimized video streaming at 480p - Stateside International Unlimited Texting - Mobile Without Borders - Domestic data roaming; For use with tablets/iPads only; Not Subject to the fair usage prioritization threshold; Not Subject to the fair usage prioritization threshold | C24: 52 | D24: =C24*SUM(1-$D$5) -> 43.68 | E24: GFR11TSB2
A25: First Responder Unlimited 4G LTE Mobile Internet for Tablets w/11GB Hotspot Subsidy 2.0 Level 3 | B25: Unlimited 4G LTE high-speed data, Unlimited Messaging - 11GB of 4G LTE Smartphone Mobile Hotspot (reduced to 3G after the bucket is used)DSL3 - Simple Global - Optimized video streaming at 480p - Stateside International Unlimited Texting - Mobile Without Borders - Domestic data roaming; For use with tablets/iPads only; Not Subject to the fair usage prioritization threshold | C25: 64 | D25: =C25*SUM(1-$D$5) -> 53.76 | E25: GFR11TSB3
A26: First Responder Unlimited 4G LTE Mobile Internet for Tablets w/21GB Hotspot; Device Subsidy 2.0 Level 1 | B26: Unlimited 4G LTE high-speed data, Unlimited Messaging - 21GB of 4G LTE Smartphone Mobile Hotspot (reduced to 3G after the bucket is used)DSL1 - Simple Global - Optimized video streaming at 480p - Stateside International Unlimited Texting - Mobile Without Borders - Domestic data roaming; For use with tablets/iPads only; Not Subject to the fair usage prioritization threshold | C26: 52 | D26: =C26*SUM(1-$D$5) -> 43.68 | E26: GFR21TSB1
A27: First Responder Unlimited 4G LTE Mobile Internet for Tablets w/21GB Hotspot; Device Subsidy 2.0 Level 2 | B27: Unlimited 4G LTE high-speed data, Unlimited Messaging - 21GB of 4G LTE Smartphone Mobile Hotspot (reduced to 3G after the bucket is used)DSL2 Simple Global - Optimized video streaming at 480p - Stateside International Unlimited Texting - Mobile Without Borders - Domestic data roaming; For use with tablets/iPads only; Not Subject to the fair usage prioritization threshold | C27: 64 | D27: =C27*SUM(1-$D$5) -> 53.76 | E27: GFR21TSB2
A28: First Responder Unlimited 4G LTE Mobile Internet for Tablets w/21GB Hotspot; Device Subsidy 2.0 Level 3 | B28: Unlimited 4G LTE high-speed data, Unlimited Messaging - 21GB of 4G LTE Smartphone Mobile Hotspot (reduced to 3G after the bucket is used)DSL3 - Simple Global - Optimized video streaming at 480p - Stateside International Unlimited Texting - Mobile Without Borders - Domestic data roaming; For use with tablets/iPads only; Not Subject to the fair usage prioritization threshold | C28: 76 | D28: =C28*SUM(1-$D$5) -> 63.84 | E28: GFR21TSB3
A29: First Responder Unlimited 4G LTE Mobile Internet for Tablets w/31GB Hotspot; Device Subsidy 2.0 Level 1 | B29: Unlimited 4G LTE high-speed data, Unlimited Messaging - 31GB of 4G LTE Smartphone Mobile Hotspot (reduced to 3G after the bucket is used)DSL3 - Simple Global - Optimized video streaming at 480p - Stateside International Unlimited Texting - Mobile Without Borders - Domestic data roaming; For use with tablets/iPads only; Not Subject to the fair usage prioritization threshold | C29: 57 | D29: =C29*SUM(1-$D$5) -> 47.88 | E29: GFRP31TS1
A30: First Responder Unlimited 4G LTE Mobile Internet for Tablets w/31GB Hotspot; Device Subsidy 2.0 Level 2 | B30: Unlimited 4G LTE high-speed data, Unlimited Messaging - 31GB of 4G LTE Smartphone Mobile Hotspot (reduced to 3G after the bucket is used)DSL3 - Simple Global - Optimized video streaming at 480p - Stateside International Unlimited Texting - Mobile Without Borders - Domestic data roaming; For use with tablets/iPads only; Not Subject to the fair usage prioritization threshold | C30: 69 | D30: =C30*SUM(1-$D$5) -> 57.96 | E30: GFRP31TS2
A31: First Responder Unlimited 4G LTE Mobile Internet for Tablets w/31GB Hotspot; Device Subsidy 2.0 Level 3 | B31: Unlimited 4G LTE high-speed data, Unlimited Messaging - 31GB of 4G LTE Smartphone Mobile Hotspot (reduced to 3G after the bucket is used)DSL3 - Simple Global - Optimized video streaming at 480p - Stateside International Unlimited Texting - Mobile Without Borders - Domestic data roaming; For use with tablets/iPads only; Not Subject to the fair usage prioritization threshold | C31: 81 | D31: =C31*SUM(1-$D$5) -> 68.04 | E31: GFRP31TS3
A32: First Responder Unlimited 4G LTE Mobile Internet for Tablets w/41GB Hotspot; Device Subsidy 2.0 Level 1 | B32: Unlimited 4G LTE high-speed data, Unlimited Messaging - 41GB of 4G LTE Smartphone Mobile Hotspot (reduced to 3G after the bucket is used)DSL1 - Simple Global - Optimized video streaming at 480p - Stateside International Unlimited Texting - Mobile Without Borders - Domestic data roaming; For use with tablets/iPads only; Not Subject to the fair usage prioritization threshold | C32: 69 | D32: =C32*SUM(1-$D$5) -> 57.96 | E32: GFRP41TS1
A33: First Responder Unlimited 4G LTE Mobile Internet for Tablets w/41GB Hotspot; Device Subsidy 2.0 Level 2 | B33: Unlimited 4G LTE high-speed data, Unlimited Messaging - 41GB of 4G LTE Smartphone Mobile Hotspot (reduced to 3G after the bucket is used)DSL2 - Simple Global - Optimized video streaming at 480p - Stateside International Unlimited Texting - Mobile Without Borders - Domestic data roaming; For use with tablets/iPads only; Not Subject to the fair usage prioritization threshold | C33: 81 | D33: =C33*SUM(1-$D$5) -> 68.04 | E33: GFRP41TS2
A34: First Responder Unlimited 4G LTE Mobile Internet for Tablets w/41GB Hotspot; Device Subsidy 2.0 Level 3 | B34: Unlimited 4G LTE high-speed data, Unlimited Messaging - 41GB of 4G LTE Smartphone Mobile Hotspot (reduced to 3G after the bucket is used)DSL3 - Simple Global - Optimized video streaming at 480p - Stateside International Unlimited Texting - Mobile Without Borders - Domestic data roaming; For use with tablets/iPads only; Not Subject to the fair usage prioritization threshold | C34: 93 | D34: =C34*SUM(1-$D$5) -> 78.12 | E34: GFRP41TS3

Sheet Taxes, Fees, Surcharges
B1: Telecommunicaitons Taxes, Fees and Surcharges
B3: Item - Tax/Fee/Surcharge | C3: Amount - $ or % | D3: Description
B4: Federal Universal Service Fund (FUSF) | C4: 0 | D4: T-Mobile charges DIR end users all appropriate taxes, fees, and/or surcharges specified in this Appendix C, Pricing Index. For waiver of any taxes, DIR Customers must provide legal documentation and certification of tax exempt status. Quoted prices do not include taxes, fees, and/or surcharges. Specific pricing varies depending on the location of the end user.
B5: State Universal Service Fund (SUSF) | C5: 0
B6: County 9-1-1 | C6: 0
B7: State 9-1-1 | C7: $0.50/month per line (rate varies)
B8: Regulatory Programs Fee | C8: 0
B9: Utility Use | C9: 0
B10: State and Local Sales Taxes | C10: $0.19 / month (Taxes vary based on billing location of end user)

Sheet Internal Replacement Socs
A1: Replacement Socs
D4: Contract Discount
D5: 0.16
A6: Service or Feature | B6: Description | C6: Commercially Available Price per Line/Month | D6: Monthly Recurring Cost/Line (After Eligible Contract Discount) | E6: AVD Eligible? | F6: SOC | H6: Internal Notes Only
A7: (New Replacement SOC for GVUNLMI-New SOC GVUNLHSI) Government Unlimited High Speed Internet) | B7: •Unlimited high-speed internet connectivity •Video streams in SD • Domestic data roaming (50MB/mo.) • Unlimited data at 128Kbps when you travel to any of 210+ countries and destinations so you can stay connected when you're abroad. •For use with wireless routers Subsidy or SIM Only •Voice barred •All on-network data counts towards fair-use limits (50GB). Users> 50GB may notice reduced speeds until next bill cycle due to data prioritization | C7: 35 | D7: 28.7 | E7: Yes | F7: GVUNLHSI | H7: Mirror GVUNLMI Fair use applies Priority QCI8
A8: (New Replacement SOC VUNLMBBG -New SOC VUNLMHSI, GSA & NASPO States Only) Government Unlimited High Speed Internet (NSS Approval Only) | B8: •Unlimited high-speed internet connectivity •Video streams in SD •No Data Roaming •For use with wireless routers, Subsidy or SIM Only •Voice barred •Approval Required, Limited Time Offer | C8: 35 | D8: 28.7 | E8: Yes | F8: VUNLMHSI | H8: Replaces VUNLMBBG; Active on GSA and NASPO today; No Fair use Priority QCI6 - Requires NSS if plan isn't already grandfathered from their master contract
A10: Currently to be used only for back-up if address verification fails
A11: Position to Dave, Redundancy backup use only

Sheet BSS MDM FL
A1: T-Mobile Current Government Rate Plans
A2: Business Sofware Solutions (BSS) Mobile Device Management (MDM)
A4: Note to Sales: Contact CAT team at GovtContractAdminSupport@t-mobile.com for customer-facing pricing sheet tailored to a specific State contract
A6: Solution | B6: Description | C6: Commercially Available Price per License/Month
B7: VMware
A8: VMware CCPS Support Basic Plus Mthly GOV | B8: Mobile Device Management Subscription | C8: 0.615
A9: VMware CCPS Support Advanced Mthly GOV | B9: Mobile Device Management Subscription | C9: 1.025
A10: VMware WSP1 Mob Essentials Per Device Billed Mthly Under 500 GOV | B10: Minimum of 25 licenses required | C10: 3.3825
A11: VMware WSP1 UEM Essentials Per Device Billed Mthly Under 500 GOV | B11: Minimum of 25 licenses required | C11: 5.9245
A12: VMware WSP1 Assist Per Device Billed Mthly Under 500 GOV | B12: Minimum of 25 licenses required | C12: 0.56375
A13: VMware WSP1 Education Essentials Per Device Billed Monthly GOV | B13: Minimum of 25, Educational Institutions only | C13: 1.353
A14: VMware WSP1 Mob Essentials Per Device Billed Mthly 500 Plus GOV | B14: Minimum of 25 licenses required | C14: 2.87
A15: VMware WSP1 UEM Essentials Per Device Billed Mthly 500 Plus GOV | B15: Minimum of 25 licenses required | C15: 5.0225
A16: VMware WSP1 Assist Per Device Billed Mthly GOV 500 Plus GOV | B16: Minimum of 25 licenses required | C16: 0.4715
C17: Non-recurring
A18: VMware CCPS Deployment Light GOV | B18: One-time deployment fee | C18: 500
A19: VMware CCPS Deployment Professional Std GOV | B19: One-time deployment fee | C19: 1000
A20: VMware CCPS Deployment Professional Advanced GOV | B20: One-time deployment fee | C20: 5000
A29: Solution | B29: Description | C29: Commercially Available Price per License/Month
B30: Ivanti
A31: Ivanti Mobile Manage and Protect GOV | B31: Must be new MDM customer to Ivanti. Min of 20 and max of 2K licenses | C31: 5.6375
A32: Ivanti Neurons MDM Dvc Cld Annl Term Bill Mthly Under 500 GOV | B32: Minimum of 20 licenses | C32: 4.1
A33: Ivanti Neurons MDM User Cl Annl Term Bill Mthly Under 500 GOV | B33: Minimum of 20 licenses. 5 device per user | C33: 6.15
A34: Ivanti Neurons MDM Prem Dvc Cld Annl Term Bill Mthly Under 500 Mthly GOV | B34: Minimum of 20 licenses. | C34: 7.6875
A35: Ivanti Neurons MDM Prem User Cld Annl Term Bill Mthly Under 500 GOV | B35: Minimum of 20 licenses. 5 device per user | C35: 12.3
A36: Ivanti Mobile Threat Def Cld Lookout Annl Term Bill Mthly Under 500 GOV | B36: Minimum of 20 licenses. | C36: 6.15
A37: Ivanti Neurons UEM Prem Dvc Cld Annl Term Bill Mthly Under 500 GOV | B37: Minimum of 20 licenses. | C37: 8.7979167
A38: Ivanti Neurons UEM Dvc Cld Annl Term Bill Mthly Under 500 GOV | B38: Minimum of 20 licenses. | C38: 5.0395833
A39: Ivanti CCPS Support Basic Plus Mthly GOV | B39: Mobile Device Management Subscription | C39: 0.615
A40: Ivanti CCPS Support Advanced Mthly GOV | B40: Mobile Device Management Subscription | C40: 1.025
A41: Ivanti Neurons MDM Dvc Cld Annl Term Bill Mthly 500 plus GOV | B41: Minimum of 20 licenses | C41: 3.485
A42: Ivanti Neurons MDM User Cl Annl Term Bill Mthly 500 plus GOV | B42: Minimum of 20 licenses. 5 device per user | C42: 5.2275
... A47: Ivanti Neurons UEM Dvc Cld Annl Term Bill Mthly 500 plus GOV | B47: Minimum of 20 licenses. | C47: 4.2836458
C48: Non-recurring
A49: Ivanti CCPS Deployment Light GOV | B49: One-time deployment fee | C49: 500
A50: Ivanti CCPS Deployment Professional Std GOV | B50: One-time deployment fee | C50: 1000
A51: Ivanti CCPS Deployment Professional Advanced GOV | B51: One-time deployment fee | C51: 5000
A61: Solution | B61: Description | C61: Commercially Available Price per License/Month
B62: Samsung Knox
A63: Samsung Knox Suite-Monthly MI-KXKSSWWC2M0 under 500 GOV | B63: Knox Suite Monthly includes Manage, EFOTA, KPE | C63: 3.5875
A64: Samsung Knox Manage-Monthly MI-KXKMSWWC2M0 Under 500 GOV | B64: Knox Manage Monthly | C64: 2.05
A65: Samsung Knox Configure-Dynamic Edtn Dvc MI-OSKCDM1WWT2 Under 500 GOV | B65: Knox Configure-Dynamic Edition | C65: 0.89175
A66: Samsung Knox Suite-Monthly MI-KXKSSWWC2M0 500 plus GOV | B66: Knox Suite Monthly includes Manage, EFOTA, KPE | C66: 3.049375
A67: Samsung Knox Manage-Monthly MI-KXKMSWWC2M0 500 plus GOV | B67: Knox Manage Monthly | C67: 1.7425
A68: Samsung Knox Configure-Dynamic Edtn Dvc MI-OSKCDM1WWT2 500 plus GOV | B68: Knox Configure-Dynamic Edition | C68: 0.7579875
C69: Non-recurring
A70: Samsung Knox Advanced B2B Tech Spt 1 Yr MI-OVCPAA GOV | B70: Annual Fee - Advanced B2B technical support 1 year | C70: 20000
A71: Samsung Knox Elite B2B Tech Spt 1 Yr MI-OVCPAB GOV | B71: Annual Fee - Elite B2B technical support 1 year | C71: 50000
A72: Samsung Knox Manage Quickstart: Secure Cntrl MI-OVCPK3 GOV | B72: One-time deployment fee | C72: 1699
A73: Samsung Knox Mobile Deploy Service Eng per hr MI-OVMTAA2 GOV | B73: One-time hourly deployment service engineers | C73: 250
A74: Samsung Knox Manage Quick Start: App Control MI-OVCPK2 GOV | B74: One-time deployment fee | C74: 699
A75: Samsung Knox Suite Setup Service MI-OVPSAB2 GOV | B75: One-time deployment fee | C75: 3999
A84: Solution | B84: Description | C84: Commercially Available Price per License/Month
B85: IBM MaaS360
A86: IBM MaaS360 Enterprise User over 1000 Mthly / D1P3YLL GOV | B86: Mobile Device Management Subscription | C86: 18.45
A87: IBM MaaS360 Deluxe Device over 1000 Mthly / D1P3LLL GOV | B87: Mobile Device Management Subscription | C87: 5.125
A88: IBM Maas360 TeamViewer User /D0047ZX GOV | B88: Mobile Device Management Subscription | C88: 2.05
A89: IBM MaaS360 Secure Mobile Browser User /D1AGZLL GOV | B89: Mobile Device Management Subscription | C89: 2.5625
A90: IBM MaaS360 Secure Mobile Browser Device /D1AGWLL GOV | B90: Mobile Device Management Subscription | C90: 1.025
A91: IBM MaaS360 Mobile Threat Mgmt User /D1AJSLL GOV | B91: Mobile Device Management Subscription | C91: 2.5625
A92: IBM MaaS360 Mobile Threat Mgmt Device / D1AJPLL GOV | B92: Mobile Device Management Subscription | C92: 1.025
A93: IBM MaaS360 Essentials Dvc over 1000 Mthly / D1P3GLL GOV | B93: Mobile Device Management Subscription | C93: 3.075
A94: IBM MaaS360 Essentials Dvc 501 -1000 Licenses / D1P3GLL GOV | B94: Mobile Device Management Subscription | C94: 3.3825
A95: IBM MaaS360 Essentials Dvc 11 -500 Licenses / D1P3GLL GOV | B95: Mobile Device Management Subscription | C95: 3.5875
A96: IBM MaaS360 Essentials Dvc under 11 licenses / D1P3GLL GOV | B96: Mobile Device Management Subscription | C96: 4.1
C97: Non-recurring
A98: IBM MaaS360 Consultant On Demand 20 /D01XMZX GOV | B98: One-Time Fee | C98: 7200
A99: IBM MaaS360 Enhanced Cust Setup D1X6SLL GOV | B99: No Cost Setup for Customer Purchasing at least 50 licenses. Must be new customer and have ABM/KME setup complete where required. | C99: 730
A108: Solution | B108: Description | C108: Commercially Available Price per License/Month
B109: Jamf Pro
A110: JAMF Pro Monthly (iOS or tvOS) under 500 GOV | B110: Mobile Device Management Subscription | C110: 3.41325
A111: JAMF Pro Monthly (macOS) under 500 GOV | B111: Mobile Device Management Subscription | C111: 7.34925
A112: JAMF Pro Monthly (iOS or tvOS) 500 plus GOV | B112: Mobile Device Management Subscription | C112: 3.071925
A113: JAMF Pro Monthly (macOS) 500 plus GOV | B113: Mobile Device Management Subscription | C113: 6.614325
C114: Non-recurring
A115: JAMF Pro (iOS & macOS) - Deployment-A GOV | B115: One-Time Add-on Fee | C115: 1500

Sheet FED
A1: for Fed Only:
A2: Public static IPV4 features: Business (Approval Required) C2
A4: New SOC | B4: Description | C4: MRC
A5: GSIPV4MIA | B5: Static IP PS IPV4 MI AVD | C5: 5
A6: GSIPV4A | B6: Static IP PS IPV4 AVD | C6: 5
